 Dungeon Crawl Stone Soup version 0.29.1-1-gd02db6906a (webtiles) character file.

Game seed: 1029007580492449361

1422505 sleeves the Ruinous (level 27, 158/158 HPs)
             Began as a Vine Stalker Hedge Wizard on Oct 1, 2022.
             Was a Follower of Uskayaw.
             Escaped with the Orb
             ... and 3 runes!
             The game lasted 05:52:09 (101975 turns).

sleeves the Ruinous (Vine Stalker Hedge Wizard)   Turns: 101975, Time: 05:52:09

Health: 158/158    AC: 27    Str: 17    XL:     27
Magic:  39/39      EV: 17    Int: 31    God:    Uskayaw [*.....]
Gold:   6790       SH: 20    Dex: 21    Spells: 7/58 levels left

rFire   + + +      SeeInvis +   b - +10 short sword "Anush" {freeze, rN++ Str-3 Int+4}
rCold   + . .      Faith    .   T - +5 kite shield {reflect}
rNeg    + + +      Spirit   +   e - +5 ring mail of Naalulup {rF++}
rPois   .          Reflect  +   q - +2 helmet {SInv}
rElec   +          Harm     .   V - +4 dragonskin cloak
rCorr   .          Rampage  .   U - +2 pair of gloves {Str+3}
Will    +++++      Clarity  +   z - +1 pair of boots of Emnosimn {rElec rF++}
Stlth   ++........              X - amulet of the Four Winds {rN+ Will+++ Clar}
HPRegen 1.16/turn               K - ring "Homperus" {rC+ rN+ Str+3 Int+3 Stlth+}
MPRegen 0.26/turn               R - ring of Wocous {Fly rElec Dex+4 Slay+4 Stlth-}

@: flying, studying Armour
A: fangs 3, regeneration 1, magic shield, antimagic bite, no potion heal 2, low
MP 1, robust 1, screaming 1, wild magic 1, MP-powered wands
0: Orb of Zot
}: 3/15 runes: decaying, serpentine, silver
a: Renounce Religion, Stomp


You escaped.
You worshipped Uskayaw.
Uskayaw was pleased with you.
You visited 11 branches of the dungeon, and saw 51 of its levels.
You visited 1 bazaar.
You also visited: Gauntlet, Wizlab and Desolation.

You collected 10241 gold pieces.
You spent 3451 gold pieces at shops.

Inventory:

Hand Weapons
 a - a +9 quick blade of flaming
   (You subdued it on level 2 of the Elven Halls)
 b - the +10 short sword "Anush" (weapon) {freeze, rN++ Str-3 Int+4}
   (You bought it in a shop in a bazaar)

   It freezes those it strikes, dealing additional cold damage.
   It can also slow down cold-blooded creatures.
   Str:       It affects your strength (-3).
   Int:       It affects your intelligence (+4).
   rN:        It greatly protects you from negative energy.
 S - the +8 falchion of Ecotobby {venom, rPois rC+}
   (You found it on level 1 of the Swamp)

   It poisons the flesh of those it strikes.
   rC:        It protects you from cold.
   rPois:     It protects you from poison.
Missiles
 O - 2 throwing nets
Armour
 e - the +5 ring mail of Naalulup (worn) {rF++}
   (You bought it in a shop in a bazaar)

   rF:        It greatly protects you from fire.
 q - a +2 helmet of see invisible (worn)
   (You found it on level 2 of the Dungeon)
 s - a +2 cloak of stealth
   (You took it off a draconian annihilator on level 4 of the Depths)
 z - the +1 pair of boots of Emnosimn (worn) {rElec rF++}
   (You found it on level 10 of the Dungeon)

   rF:        It greatly protects you from fire.
   rElec:     It insulates you from electricity.
 T - a +5 kite shield of reflection (worn)
   (You took it off a naga warrior on level 4 of the Snake Pit)
 U - a +2 pair of gloves of strength (worn)
   (You found it on level 5 of the Vaults)
 V - the +4 dragonskin cloak (worn)
   (You took it off Tiamat on level 2 of the Realm of Zot)

   It grants the wearer a chance to resist fire, cold, poison, electricity,
   acid, and negative energy.
Magical Staves
 A - a staff of conjuration
   (You found it on level 2 of the Lair of Beasts)
Jewellery
 l - the ring "Eneena Fawn" {rF+ rN+ Str+3 Dex+4}
   (You found it on level 3 of the Crypt)

   [ring of positive energy]

   Str:       It affects your strength (+3).
   Dex:       It affects your dexterity (+4).
   rF:        It protects you from fire.
   rN:        It protects you from negative energy.
 p - a ring of see invisible
   (You took it off an ancient champion in a wizard's laboratory)
 r - the ring "Yneiskeu" {rN+ Str+6}
   (You found it on level 3 of the Crypt)

   [ring of positive energy]

   Str:       It affects your strength (+6).
   rN:        It protects you from negative energy.
 v - a ring of protection from fire
   (You took it off a hell knight on level 5 of the Vaults)
 D - a ring of poison resistance
   (You found it on level 4 of the Dungeon)
 K - the ring "Homperus" (left hand) {rC+ rN+ Str+3 Int+3 Stlth+}
   (You found it on level 3 of the Crypt)

   [ring of positive energy]

   Str:       It affects your strength (+3).
   Int:       It affects your intelligence (+3).
   rC:        It protects you from cold.
   rN:        It protects you from negative energy.
   Stlth:     It makes you more stealthy.
 R - the ring of Wocous (right hand) {Fly rElec Dex+4 Slay+4 Stlth-}
   (You found it in the Desolation of Salt)

   [ring of flight]

   Dex:       It affects your dexterity (+4).
   Slay:      It affects your accuracy & damage with ranged weapons and melee
   (+4).
   rElec:     It insulates you from electricity.
   Fly:       It grants you flight.
   Stlth:     It makes you less stealthy.
 X - the amulet of the Four Winds (around neck) {rN+ Will+++ Clar}
   (You took it off a deep elf death mage on level 3 of the Elven Halls)

   [amulet of nothing]

   rN:        It protects you from negative energy.
   Clar:      It protects you against confusion.
   Will:      It greatly increases your willpower.
 Y - a ring of protection from cold
   (You found it on level 3 of the Snake Pit)
Wands
 o - a wand of quicksilver (56)
   (You found it on level 2 of the Dungeon)
 M - a wand of roots (47)
   (You found it on level 4 of the Lair of Beasts)
 P - a wand of digging (9)
   (You found it on level 15 of the Dungeon)
Scrolls
 i - 5 scrolls of immolation
 j - 12 scrolls of poison
 m - 13 scrolls of butterflies
 u - 7 scrolls of enchant weapon
 w - 6 scrolls of torment
 B - 7 scrolls of fear
 C - 3 scrolls of amnesia
 H - 2 scrolls of blinking
 J - 6 scrolls of enchant armour
 N - a scroll of summoning
 Q - 14 scrolls of teleportation
 W - 7 scrolls of magic mapping
Potions
 c - 6 potions of berserk rage
 d - 2 potions of magic
 f - 4 potions of ambrosia
 g - 18 potions of might
 h - 4 potions of invisibility
 k - 6 potions of mutation
 t - 28 potions of curing
 x - 6 potions of haste
 E - 8 potions of brilliance
 F - 3 potions of cancellation
 I - 7 potions of resistance
 L - 9 potions of flight
Miscellaneous
 n - a phantom mirror
   (You found it in the Desolation of Salt)
 y - a condenser vane
   (You found it in the Desolation of Salt)
 G - a phial of floods
   (You found it on level 5 of the Lair of Beasts)


   Skills:
 - Level 15.0 Fighting
 - Level 12.0 Short Blades
 - Level 12.1 Armour
 - Level 10.0 Dodging
 - Level 14.6 Stealth
 - Level 15.0 Shields
 - Level 16.0 Spellcasting
 - Level 23.0 Conjurations
 - Level 15.0 Summonings
 + Level 12.7 Translocations
 - Level 18.0 Earth Magic
 - Level 13.0 Invocations


You had 7 spell levels left.
You knew the following spells:

 Your Spells              Type           Power      Damage    Failure   Level
a - Magic Dart            Conj           100%       1d8       1%          1
b - Summon Mana Viper     Hex/Summ       75%        N/A       10%         5
c - Mephitic Cloud        Conj/Pois/Air  76%        N/A       1%          3
d - Blink                 Tloc           100%       N/A       1%          2
e - Iskenderun's Battles  Conj           100%       2d15      1%          5
g - Iskenderun's Mystic   Conj/Tloc      100%       2d19      1%          4
h - Iron Shot             Conj/Erth      57%        9d11      1%          6
i - Spellforged Servitor  Conj/Summ      55%        N/A       3%          7
j - Lehudib's Crystal Sp  Conj/Erth      57%        10d13     11%         8
k - Passage of Golubria   Tloc           94%        N/A       1%          4
l - Dispersal             Tloc           47%        N/A       7%          6

Your spell library contained the following spells:

 Spells                   Type           Power      Damage    Failure   Level
 Foxfire                  Conj/Fire      100%       2x1d9     1%          1
 Shock                    Conj/Air       100%       1d9       1%          1
 Call Imp                 Summ           100%       N/A       1%          2
 Passwall                 Tmut/Erth      67%        N/A       1%          2
 Static Discharge         Conj/Air       90%        3-15/arc  1%          2
 Conjure Flame            Conj/Fire      90%        6-21      1%          3
 Dazzling Flash           Conj/Hex       100%       N/A       1%          3
 Gell's Gravitas          Tloc           94%        N/A       1%          3
 Lesser Beckoning         Tloc           94%        N/A       1%          3
 Stone Arrow              Conj/Erth      100%       3d13      1%          3
 Summon Guardian Golem    Hex/Summ       75%        N/A       1%          3
 Teleport Other           Tloc           94%        N/A       1%          3
 Animate Armour           Summ/Erth      100%       N/A       1%          4
 Fulminant Prism          Conj/Hex       45%        3d21      1%          4
 Hailstorm                Conj/Ice       90%        3d18      1%          4
 Sticky Flame             Conj/Fire      90%        2d10      1%          4
 Lee's Rapid Deconstruct  Erth           54%        3d26*     1%          5
 Summon Forest            Summ/Tloc      48%        N/A       1%          5
 Orb of Destruction       Conj           60%        9d15      1%          7
 Portal Projectile        Hex/Tloc       100%       N/A       2%          3
 Petrify                  Tmut/Erth      81%        N/A       2%          4
 Fireball                 Conj/Fire      45%        3d18      2%          5
 Lightning Bolt           Conj/Air       45%        1d65      2%          5
 Summon Cactus Giant      Summ           50%        N/A       3%          6
 Summon Ice Beast         Ice/Summ       75%        N/A       4%          4
 Summon Lightning Spire   Summ/Air       75%        N/A       4%          4
 Borgnjor's Vile Clutch   Necr/Erth      40%        N/A       5%          5
 Freeze                   Ice            100%       1d11      8%          1
 Necrotise                Necr           100%       1d9       8%          1
 Slow                     Hex            100%       N/A       8%          1
 Sting                    Tmut/Pois      100%       1d8       8%          1
 Freezing Cloud           Conj/Ice/Air   38%        6-21      10%         5
 Conjure Ball Lightning   Conj/Air       45%        3x3d16    11%         6
 Starburst                Conj/Fire      45%        6d13      11%         6
 Poisonous Vapours        Pois/Air       64%        N/A       12%         2
 Monstrous Menagerie      Summ           50%        N/A       13%         7
 Summon Hydra             Summ           50%        N/A       13%         7
 Confusing Touch          Hex            32%        N/A       21%         3
 Frozen Ramparts          Ice            64%        1d10      21%         3
 Ignite Poison            Fire/Tmut/Pois 32%        N/A       21%         3
 Ozocubu's Armour         Ice            32%        N/A       21%         3
 Swiftness                Air            32%        N/A       21%         3
 Tukima's Dance           Hex            32%        N/A       21%         3
 Vampiric Draining        Necr           32%        2d8       21%         3
 Statue Form              Tmut/Erth      54%        N/A       26%         6
 Airstrike                Air            16%        2d(3-19)  52%         4
 Dispel Undead            Necr           32%        3d14      52%         4
 Ice Form                 Ice/Tmut       32%        N/A       52%         4
 Olgreb's Toxic Radiance  Pois           32%        N/A       52%         4
 Agony                    Necr           32%        N/A       86%         5
 Alistair's Intoxication  Tmut/Pois      21%        N/A       86%         5
 Blade Hands              Tmut           16%        N/A       86%         5
 Metabolic Englaciation   Hex/Ice        16%        N/A       86%         5
 Silence                  Hex/Air        16%        N/A       86%         5
 Eringya's Noxious Bog    Tmut/Pois      16%        N/A       100%        6
 Simulacrum               Ice/Necr       16%        N/A       100%        6
 Ozocubu's Refrigeration  Ice            16%        4d11      100%        7
 Summon Horrible Things   Summ           50%        N/A       65%         8
 Disjunction              Tloc           47%        N/A       90%         8
 Shatter                  Erth           54%        3d41*     98%         9
 Ignition                 Fire           16%        3d6       100%        8
 Maxwell's Capacitive Co  Air            16%        ∞         100%        8
 Necromutation            Tmut/Necr      16%        N/A       100%        8
 Chain Lightning          Conj/Air       45%        3d60      100%        9
 Fire Storm               Conj/Fire      45%        8d11      100%        9
 Polar Vortex             Ice            16%        N/A       100%        9


Dungeon Overview and Level Annotations

Branches:
Dungeon (15/15)            Temple (1/1) D:4            Lair (5/5) D:8
  Swamp (4/4) Lair:2        Snake (4/4) Lair:3        Slime (0/5) Lair:4
    Orc (2/2) D:10            Elf (3/3) Orc:2        Vaults (5/5) D:14
  Crypt (3/3) Vaults:3       Tomb (0/3) Crypt:3      Depths (4/4) D:15
    Zot (5/5) Depths:4     WizLab (visited)         Desolation (visited)
Gauntlet (visited)

Altars:
Ashenzari
Cheibriados
Dithmenos
Elyvilon
Fedhas
Gozag
Hepliaklqana
Kikubaaqudgha
Makhleb
Nemelex Xobeh
Okawaru
Qazlal
Ru
Sif Muna
Trog
Uskayaw
Vehumet
Wu Jian
Xom
Yredelemnul
Zin
The Shining One
Jiyva

Shops:
D:3 *   D:8 *   Orc:2 [![*!   Elf:3 *   Snake:1 !   Snake:4 ((*   Vaults:1 *
Vaults:2 [   Vaults:4 [   Vaults:5 =   Depths:1 *   Depths:4 [!

Portals:
Hell: Depths:1 Depths:2 Depths:3 Depths:4
Abyss: Depths:2 Depths:3
Pandemonium: Depths:2
Ziggurat: Depths:4

Annotations:
D:5 Prince Ribbit
D:7 exclusion: steam dragon
Lair:4 exclusion: downstairs
Lair:5 1 runed translucent door
Swamp:2 Roxanne
Swamp:3 exclusion: downstairs
Swamp:4 Mara
Orc:2 exclusion: upstairs
Vaults:4 2 transporters, exclusion: obsidian statue
Zot:1 1 transporter
Zot:5 2 transporters, exclusion: Orb Guardian


Innate Abilities, Weirdness & Mutations

You have razor-sharp teeth.
Your natural rate of healing is unusually fast.
When hurt, damage is shared between your health and your magic reserves.
Your bite disrupts and absorbs the magic of your enemies.
Potions cannot restore your health.
Your magical capacity is low. (-10% MP)
You are robust. (+10% HP)
You occasionally shout uncontrollably at your foes.
Your spells are a little harder to cast, but a little more powerful.
You expend magic power (3 MP) to strengthen your wands.


Message History

What are your orders? t - Shout!
Orders for allies: a - Attack new target. p - Attack previous target. r - Retreat! s - Stop attacking. g - Guard the area. f - Follow me.
Anything else - Cancel.
Gang up on whom?
Press: ? - help, Dir - move target, f/p - black draconian knight
Aim: a black draconian knight, wielding a +3 great sword of holy wrath and wearing a +0 cloak (fast) Attack!
You feel sick.
Your mana viper barely misses the black draconian knight.
The black draconian knight breathes lightning at you.
The bolt of lightning hits your spellforged servitor!
Your spellforged servitor resists.
The bolt of lightning misses you.
Your mana viper bites the black draconian knight.
The black draconian knight's magic leaks into the air.
You feel sick.
The black draconian knight breathes lightning at you.
The bolt of lightning hits your mana viper!!
The bolt of lightning misses you.
Your mana viper bites the black draconian knight but does no damage.
You feel sick.
The black draconian knight barely misses your mana viper.
Your spellforged servitor points at the black draconian knight and mumbles some strange words.
The crystal spear hits the black draconian knight!!
Your mana viper misses the black draconian knight.
The black draconian knight misses your mana viper.
You feel sick.
The black draconian knight's magic is no longer disrupted.
Your mana viper barely misses the black draconian knight.
The black draconian knight hits your mana viper with a +3 great sword of holy wrath!!
Your mana viper dies!
Your mana viper disappears in a puff of smoke!
Your spellforged servitor gestures at the black draconian knight while chanting.
The crystal spear hits the black draconian knight!!
Casting: Summon Mana Viper (dangerous; 8% risk of failure)
Confirm with . or Enter, or press ? or * to list all spells.
Aiming: Lehudib's Crystal Spear (dangerous; 9% risk of failure)
Press: ? - help, Shift-Dir - straight line, f/p - black draconian knight
Aim: a black draconian knight, wielding a +3 great sword of holy wrath and wearing a +0 cloak (heavily wounded, fast, catching its breath, ally target, 77% to hit)
The crystal spear hits the black draconian knight!!!
You kill the black draconian knight!
You feel sick.
You are no longer poisoned.
You start resting.
A black draconian comes into view. It is wielding a +0 mace.
A black draconian is nearby!
Casting: Lehudib's Crystal Spear (dangerous; 9% risk of failure)
Confirm with . or Enter, or press ? or * to list all spells.
Aiming: Lehudib's Crystal Spear (dangerous; 9% risk of failure)
Press: ? - help, Shift-Dir - straight line, f - black draconian
Aim: a black draconian, wielding a +0 mace (82% to hit)
The crystal spear hits the black draconian!!!
The black draconian is severely wounded.
You hear a roar!
Your spellforged servitor casts a spell at the black draconian.
The crystal spear hits the black draconian!!!
The black draconian dies!
You can now pass through a line of other dancers.
Things that are here:
a +2 vorpal hand axe; a red draconian corpse You start resting.
Your magical contamination has completely faded away.
You start resting.
A black draconian comes into view. It is wielding a +0 battleaxe.
Casting: Lehudib's Crystal Spear (dangerous; 9% risk of failure)
Confirm with . or Enter, or press ? or * to list all spells.
Aiming: Lehudib's Crystal Spear (dangerous; 9% risk of failure)
Press: ? - help, Shift-Dir - straight line, f - black draconian
Aim: a black draconian, wielding a +0 battleaxe (82% to hit)
The crystal spear hits the black draconian!!!
The black draconian is severely wounded.
Your spellforged servitor casts a spell at the black draconian.
The crystal spear hits the black draconian!!
The black draconian breathes lightning at your spellforged servitor.
The bolt of lightning hits your spellforged servitor!
Your spellforged servitor resists.
Your spellforged servitor gestures at the black draconian while chanting.
The crystal spear hits the black draconian!!!
The black draconian dies!
An orb of fire comes into view.
The orb of fire glows bright magenta.
The fireball explodes!
The fireball engulfs you! You resist.
An orb of fire is nearby!
Unknown command.
Casting: Lehudib's Crystal Spear (dangerous; 9% risk of failure)
Confirm with . or Enter, or press ? or * to list all spells.
A mana viper appears with a sibilant hiss.
The orb of fire glows bright magenta.
The bolt of fire hits you! You resist.
Your spellforged servitor gestures at the orb of fire while chanting.
The crystal spear hits the orb of fire!!
A purple draconian comes into view. It is wielding a +0 hand axe.
Your mana viper barely misses the orb of fire.
Your spellforged servitor casts a spell at the orb of fire.
The crystal spear hits the orb of fire!!!
The orb of fire glows yellow.
The fireball explodes!
The fireball engulfs your spellforged servitor!
Your spellforged servitor resists.
The fireball engulfs the orb of fire.
The orb of fire completely resists.
The fireball engulfs your mana viper!!!!
Your mana viper dies!
Your mana viper disappears in a puff of smoke!
The orb of fire emits a lurid red light.
The bolt of fire hits you! You resist.
* * * LOW HITPOINT WARNING * * *
You can no longer pass through a line of other dancers.
The orb of fire glows bright magenta.
The fireball explodes!
The fireball engulfs you. You resist.
* * * LOW HITPOINT WARNING * * *
Your spellforged servitor gestures at the orb of fire while chanting.
The crystal spear hits the orb of fire!!
The orb of fire glows yellow.
The bolt of fire hits your spellforged servitor!
Your spellforged servitor resists.
What are your orders? t - Shout!
Orders for allies: a - Attack new target. r - Retreat! s - Stop attacking. g - Guard the area. f - Follow me.
Anything else - Cancel.
Gang up on whom?
Press: ? - help, Dir - move target, f - orb of fire
Aim: an orb of fire (severely damaged, not watching you, ally target) Attack!
Things that are here:
a +0 dire flail; a +1 cloak; a yellow draconian skeleton
Things that are here:
a +1 vorpal broad axe; a +0 cloak
Casting: Summon Mana Viper (dangerous; 8% risk of failure)
Confirm with . or Enter, or press ? or * to list all spells.
You summon a servant imbued with your destructive magic!
* * * LOW MAGIC WARNING * * *
The purple draconian breathes dispelling energy at you.
The bolt of dispelling energy hits your spellforged servitor!!
The bolt of dispelling energy misses you.
Your spellforged servitor casts a spell at the purple draconian.
The crystal spear hits the purple draconian!!
What are your orders? t - Shout!
Orders for allies: a - Attack new target. r - Retreat! s - Stop attacking. g - Guard the area. f - Follow me.
Anything else - Cancel.
Gang up on whom?
Press: ? - help, Dir - move target, f - purple draconian
Aim: a purple draconian, wielding a +0 hand axe (moderately wounded, not watching you, catching its breath, ally target) Attack!
Your spellforged servitor casts a spell at the purple draconian.
The crystal spear hits the purple draconian!!!!
The purple draconian hits your spellforged servitor but does no damage.
The purple draconian hits your spellforged servitor with a +0 hand axe!
Your spellforged servitor points at the purple draconian and mumbles some strange words.
The crystal spear hits the purple draconian!!
The purple draconian dies!
You start resting.
Your spellforged servitor disappears in a puff of smoke!
HP restored.
You start resting.
Magic restored.
Things that are here:
a +0 dire flail; a +1 cloak An orb of fire is nearby!
An orb of fire is nearby!
Casting: Spellforged Servitor (dangerous; 2% risk of failure)
Confirm with . or Enter, or press ? or * to list all spells.
You summon a servant imbued with your destructive magic!
Casting: Spellforged Servitor (dangerous; 2% risk of failure)
Confirm with . or Enter, or press ? or * to list all spells.
A mana viper appears with a sibilant hiss.
The orb of fire glows red.
Strange energies course through your body.
Your connection to magic feels subdued.
What are your orders? t - Shout!
Orders for allies: a - Attack new target. r - Retreat! s - Stop attacking. g - Guard the area. f - Follow me.
Anything else - Cancel.
Gang up on whom?
Press: ? - help, Dir - move target, f - orb of fire
Aim: an orb of fire (ally target) Attack!
The orb of fire glows red.
The fireball explodes!
The fireball engulfs your mana viper!!!!
Your mana viper dies!
Your mana viper disappears in a puff of smoke!
The fireball engulfs the orb of fire.
The orb of fire completely resists.
Your spellforged servitor gestures at the orb of fire while chanting.
The crystal spear misses the orb of fire.
Casting: Summon Mana Viper (dangerous; 6% risk of failure)
Confirm with . or Enter, or press ? or * to list all spells.
A mana viper appears with a sibilant hiss.
The orb of fire glows deep purple.
The bolt of fire hits your spellforged servitor!
Your spellforged servitor resists.
The bolt of fire hits you! You resist.
The orb of fire glows red.
The bolt of fire hits your spellforged servitor!
Your spellforged servitor resists.
The bolt of fire hits you! You resist.
The orb of fire glows deep purple.
Strange energies course through your body.
You feel frail.
Your spellforged servitor casts a spell at the orb of fire.
The crystal spear hits the orb of fire!!!
You hear a deafening roar!
A storm dragon comes into view.
The orb of fire emits a lurid red light.
The fireball explodes!
The fireball engulfs you! You resist.
The fireball engulfs your spellforged servitor!
Your spellforged servitor resists.
The fireball engulfs the orb of fire.
The orb of fire completely resists.
You hit the orb of fire but do no damage.
Your bite misses the orb of fire.
The orb of fire is moderately damaged.
The orb of fire glows yellow.
The fireball explodes!
The fireball engulfs you! You resist.
The fireball engulfs your spellforged servitor!
Your spellforged servitor resists.
The fireball engulfs the orb of fire.
The orb of fire completely resists.
The fireball engulfs your mana viper!!
You miss the orb of fire. You bite the orb of fire!
The orb of fire's magic leaks into the air.
You drain its magic.
You feel invigorated.
The orb of fire is heavily damaged.
You miss the orb of fire. Your bite misses the orb of fire.
The orb of fire is heavily damaged.
The orb of fire falters for a moment.
Your mana viper bites the orb of fire.
The orb of fire's magic leaks into the air.
You hit the orb of fire but do no damage.
You bite the orb of fire.
The orb of fire's magic leaks into the air.
You drain its magic.
You feel invigorated.
The orb of fire is heavily damaged.
The storm dragon breathes lightning at you.
The bolt of lightning hits the orb of fire.
The orb of fire completely resists.
The bolt of lightning misses you.
Your mana viper bites the orb of fire!!
The orb of fire's magic leaks into the air.
You hit the orb of fire but do no damage.
Your bite misses the orb of fire.
The orb of fire is severely damaged.
The storm dragon breathes lightning at you.
The bolt of lightning hits the orb of fire.
The orb of fire completely resists.
The bolt of lightning hits you! You resist.
A yellow draconian comes into view. It is wielding a +0 halberd.
Your mana viper bites the orb of fire.
The orb of fire's magic leaks into the air.
You miss the orb of fire. Your bite misses the orb of fire.
The orb of fire is severely damaged.
The orb of fire falters for a moment.
You hit the orb of fire but do no damage.
You bite the orb of fire!
The orb of fire's magic leaks into the air.
You drain its magic.
You feel invigorated.
The orb of fire is severely damaged.
Your mana viper misses the orb of fire.
You hit the orb of fire but do no damage.
Your bite misses the orb of fire.
The orb of fire is severely damaged.
Your mana viper completely misses the orb of fire.
You closely miss the orb of fire.
You bite the orb of fire, but do no damage.
The orb of fire is severely damaged.
Your mana viper misses the orb of fire.
The orb of fire falters for a moment.
You completely miss the orb of fire.
You bite the orb of fire, but do no damage.
The orb of fire is severely damaged.
Your mana viper barely misses the orb of fire.
Casting: Summon Mana Viper (dangerous; 6% risk of failure)
Confirm with . or Enter, or press ? or * to list all spells.
Aiming: Lehudib's Crystal Spear (dangerous; 7% risk of failure)
Press: ? - help, Shift-Dir - straight line, f/p - orb of fire
Aim: an orb of fire (severely damaged, ally target, magic disrupted, 56% to hit)
The crystal spear hits the orb of fire!!!
You destroy the orb of fire!
Your mana viper bites the storm dragon.
You can now pass through a line of other dancers.
You hit the storm dragon. You freeze the storm dragon.
You bite the storm dragon, but do no damage.
The storm dragon is lightly wounded.
The storm dragon breathes lightning at you.
The bolt of lightning hits you! You resist.
Your mana viper bites the storm dragon!
You hit the storm dragon.
You bite the storm dragon, but do no damage.
The storm dragon is lightly wounded.
Your spellforged servitor points at the storm dragon and mumbles some strange words.
The crystal spear hits the storm dragon!!!
The yellow draconian misses you.
The storm dragon bites your spellforged servitor but does no damage.
The storm dragon completely misses your spellforged servitor.
The storm dragon tramples your spellforged servitor.
Your spellforged servitor holds its ground!
Your mana viper bites the storm dragon.
You puncture the storm dragon! You freeze the storm dragon.
You bite the storm dragon! You drain its power.
You feel invigorated.
The storm dragon is almost dead.
You hit the storm dragon. You freeze the storm dragon.
You kill the storm dragon!
The storm dragon scales are intact enough to wear.
Your mana viper bites the yellow draconian!
The yellow draconian hits you but does no damage.
Uskayaw will force your foes to helplessly watch your dance.
Uskayaw prepares the audience for your solo!
Your mana viper bites the yellow draconian.
Your mana viper bites the yellow draconian!
Things that are here:
+0 storm dragon scales; a storm dragon corpse The helpless yellow draconian fails to defend itself.
You spit the yellow draconian like a pig!!!!
You freeze the yellow draconian!
You kill the yellow draconian!
You see here a +0 halberd.
Things that are here:
a +2 vorpal hand axe; a red draconian skeleton You start resting.
Your mana viper disappears in a puff of smoke!
HP restored.
You start waiting.
Your spellforged servitor disappears in a puff of smoke!
Done waiting.
x - 10 potions of haste (gained 2)
Items here: )))) ÷÷.
Things that are here:
a +0 mace; a black draconian skeleton
Items here: )))) ÷÷.
Really quaff the potion of mutation?
You feel extremely strange.
You feel healthier.
You feel stronger.
You feel clumsy.
You feel your magical essence link to the dungeon's wands.
Really quaff the potion of mutation?
You feel extremely strange.
You feel agile.
Your magic regains its normal vibrancy.
You feel clever. x2
You feel stupid.
Really quaff the potion of mutation?
You feel extremely strange.
You feel robust.
You feel stronger.
You feel robust.
You feel less energetic.
You feel less in control of your magic.
Unknown command.
Okay, then.
Items here: )))) ÷÷.
Things that are here:
a +0 mace; a black draconian skeleton You start resting.
HP restored.
Found the Orb of Zot. 2 Orb Guardians come into view.
Casting: Lehudib's Crystal Spear (dangerous; 11% risk of failure)
Confirm with . or Enter, or press ? or * to list all spells.
You summon a servant imbued with your destructive magic!
You hit the Orb Guardian. You freeze the Orb Guardian.
You bite the Orb Guardian. You drain its power.
You feel invigorated.
The Orb Guardian is lightly wounded.
The Orb Guardian hits you!
You puncture the Orb Guardian! You freeze the Orb Guardian.
Your bite misses the Orb Guardian.
The Orb Guardian is moderately wounded.
You block the Orb Guardian's attack.
You hit the Orb Guardian. You freeze the Orb Guardian.
Your bite misses the Orb Guardian.
The Orb Guardian is moderately wounded.
The Orb Guardian completely misses you.
You hit the Orb Guardian. You freeze the Orb Guardian.
Your bite misses the Orb Guardian.
The Orb Guardian is moderately wounded.
You block the Orb Guardian's attack.
You hit the Orb Guardian but do no damage.
Your bite misses the Orb Guardian.
The Orb Guardian is moderately wounded.
You block the Orb Guardian's attack.
Your spellforged servitor gestures at the Orb Guardian while chanting.
The crystal spear hits the Orb Guardian!!
You impale the Orb Guardian!! You freeze the Orb Guardian.
You bite the Orb Guardian! You drain its power.
You feel invigorated.
The Orb Guardian is almost dead.
The Orb Guardian closely misses you.
You can now pass through a line of other dancers.
You miss the Orb Guardian. You bite the Orb Guardian. You drain its power.
The Orb Guardian is almost dead.
You barely miss the Orb Guardian. Your bite misses the Orb Guardian.
The Orb Guardian is almost dead.
The Orb Guardian hits you but does no damage.
You barely miss the Orb Guardian. You bite the Orb Guardian.
You kill the Orb Guardian!
Your spellforged servitor gestures at the Orb Guardian while chanting.
The crystal spear hits the Orb Guardian!!!
The Orb Guardian hits your spellforged servitor!!
Your spellforged servitor gestures at the Orb Guardian while chanting.
The crystal spear hits the Orb Guardian!!
The Orb Guardian dies!
You can no longer pass through a line of other dancers.
You see here the Orb of Zot.
You feel yourself speed up.
You pick up the Orb of Zot!
The Orb lets out a hideous shriek!
The lords of Pandemonium are not amused.
Beware!
Now all you have to do is get back out of the dungeon!
You hear a shout! x2; You hear a deafening roar!
You swap places.
Things that are here:
a +0 mace; a black draconian skeleton
Items here: )))) ÷÷.
Things that are here:
a +2 vorpal hand axe; a red draconian skeleton You see here a +0 halberd.
Things that are here:
+0 storm dragon scales; a storm dragon corpse
Things that are here:
a +0 dire flail; a +1 cloak
Things that are here:
a +1 vorpal broad axe; a +0 cloak Your extra speed is starting to run out.
There is an open door here.
There is a stone staircase leading up here.
You feel yourself slow down.
You fly upwards.
There is a stone staircase leading down here.
There is an open door here.
There is a stone staircase leading up here.
You fly upwards.
There is a stone staircase leading down here.
A ynoxinul comes into view.
Casting: Spellforged Servitor (dangerous; 3% risk of failure)
Confirm with . or Enter, or press ? or * to list all spells.
You summon a servant imbued with your destructive magic!
Your spellforged servitor gestures at the ynoxinul while chanting.
The crystal spear hits the ynoxinul!!!
The ynoxinul dies!
(D) Dungeon (T) Temple (L) Lair (S) Swamp (P) Snake Pit (M) Slime Pits (O) Orcish Mines (E) Elven Halls (V) Vaults (C) Crypt (W) Tomb (U) Depths (H) Hell (Z) Zot
Where to? (Enter - Zot:3 @ (x,y), ? - help) Magic restored.
You see here a +0 short sword.
There is a stone staircase leading up, spattered with blood here.
You fly upwards.
There is a stone staircase leading down here.
Okay, then.
Unknown command.
Things that are here:
a +0 battleaxe; a +0 glaive
There is a stone staircase leading up, spattered with blood here.
You fly upwards.
Level annotation: 1 transporter
There is a stone staircase leading down here.
A cacodemon and an orange demon come into view.
You can't go up here!
The orange demon screeches!
The cacodemon gestures at you.
Strange energies course through your body.
You feel the urge to shout.
Things that are here:
a +0 tower shield; a +0 cloak; a +0 war axe
Things that are here:
+0 storm dragon scales; a +0 cloak; a +1 short sword of electrocution You see here a +0 vorpal hand axe.
You see here a +0 long sword.
There is a gate leading back out of this place here.
You fly up through the gate.
Welcome back to the Depths!
There is a gate to the Realm of Zot here.
There is an open door here.
There is a stone staircase leading up here.
You fly upwards.
There is a stone staircase leading down here.
A Fiuhitto and a ynoxinul come into view.
Fiuhitto gurgles, "Scamper hence lest death find thee!"
The ynoxinul bellows!
Press: ? - help, v - describe, . - travel
Here: Fiuhitto A one-way gate to the infinite horrors of the Abyss.
Unknown command.
Unknown command.
Unknown command.
You feel yourself speed up.
The ynoxinul gestures.
Casting: Spellforged Servitor (dangerous; 3% risk of failure)
Confirm with . or Enter, or press ? or * to list all spells.
You summon a servant imbued with your destructive magic!
Your spellforged servitor points at Fiuhitto and mumbles some strange words.
The crystal spear hits Fiuhitto!!!
Casting: Spellforged Servitor (dangerous; 3% risk of failure)
Confirm with . or Enter, or press ? or * to list all spells.
Aiming: Lehudib's Crystal Spear (dangerous; 11% risk of failure)
Press: ? - help, Shift-Dir - straight line, f - Fiuhitto
Aim: Fiuhitto (moderately wounded, ally target, 54% to hit)
You miscast Lehudib's Crystal Spear.
You are very lightly contaminated with residual magic.
You are blasted with sand.
Fiuhitto gestures at you.
The bolt of dispelling energy hits you!!
Your magical effects are unravelling.
Casting: Lehudib's Crystal Spear (dangerous; 11% risk of failure)
Confirm with . or Enter, or press ? or * to list all spells.
Aiming: Lehudib's Crystal Spear (dangerous; 11% risk of failure)
Press: ? - help, Shift-Dir - straight line, f/p - Fiuhitto
Aim: Fiuhitto (moderately wounded, ally target, 54% to hit)
The crystal spear hits Fiuhitto!!!
Fiuhitto is heavily wounded.
You feel yourself slow down.
You hear a shout!
Fiuhitto hits you!!
Casting: Lehudib's Crystal Spear (dangerous; 11% risk of failure)
Confirm with . or Enter, or press ? or * to list all spells.
Aiming: Lehudib's Crystal Spear (dangerous; 11% risk of failure)
Press: ? - help, Shift-Dir - straight line, f/p - Fiuhitto
Aim: Fiuhitto (heavily wounded, ally target, 54% to hit)
The crystal spear hits Fiuhitto!!!!
Fiuhitto is severely wounded.
* * * LOW MAGIC WARNING * * *
The ufetubus hits your spellforged servitor but does no damage. x2
Fiuhitto hits you but does no damage.
Your spellforged servitor points at Fiuhitto and mumbles some strange words.
The crystal spear misses Fiuhitto.
The ufetubus completely misses you. You block the ufetubus's attack.
You can now pass through a line of other dancers.
You closely miss Fiuhitto. Your bite misses Fiuhitto.
Fiuhitto is severely wounded.
Fiuhitto misses you. You block the ufetubus's attack. The ufetubus misses you.
You puncture Fiuhitto! Your bite misses Fiuhitto.
Fiuhitto is almost dead.
Fiuhitto hits you but does no damage.
Your spellforged servitor gestures at Fiuhitto while chanting.
The crystal spear hits Fiuhitto!!!
Fiuhitto dies!
You block the ufetubus's attack. x2
The ufetubus closely misses your spellforged servitor.
The ufetubus misses your spellforged servitor.
Training target 12.0 for Translocations reached!
Your Translocations skill increases to level 12!
You need to enable at least one skill for training.
The ufetubus attacks as you move away! You block the ufetubus's attack. x2
The ufetubus closely misses your spellforged servitor.
The ufetubus hits your spellforged servitor but does no damage.
The ufetubus barely misses your spellforged servitor.
The ufetubus hits your spellforged servitor but does no damage. x2
The ufetubus closely misses your spellforged servitor.
The ufetubus hits your spellforged servitor but does no damage.
The ufetubus hits your spellforged servitor.
The ufetubus misses your spellforged servitor.
The ufetubus closely misses your spellforged servitor.
The ufetubus hits your spellforged servitor but does no damage. x2
Your spellforged servitor points at the ufetubus and mumbles some strange words.
The crystal spear hits the ufetubus!!!
The ufetubus dies!
The ufetubus disappears in a puff of smoke!
The ufetubus completely misses your spellforged servitor.
The ufetubus hits your spellforged servitor but does no damage.
Something hits your spellforged servitor but does no damage. x2
Something barely misses your spellforged servitor. x2
The ufetubus closely misses something.
The ufetubus barely misses something.
The ynoxinul gestures.
You can no longer pass through a line of other dancers.
The ufetubus hits your spellforged servitor but does no damage.
The ufetubus misses your spellforged servitor.
Something barely misses your spellforged servitor.
Something hits your spellforged servitor but does no damage.
Something hits your spellforged servitor.
Something hits your spellforged servitor but does no damage.
You see here 5 large rocks.
Your spellforged servitor casts a spell at the ufetubus.
The crystal spear hits the ufetubus!!
The ufetubus dies!
The ufetubus disappears in a puff of smoke!
A sun demon comes into view.
Something misses your spellforged servitor.
Something hits your spellforged servitor but does no damage.
Your magical contamination has completely faded away.
There is an escape hatch in the ceiling here.
A mysterious force pulls you upwards. The hatch slams shut behind you.
There is an open door here.
A ynoxinul comes into view.
The ynoxinul bellows!
You see here a +0 falchion.
You block the ynoxinul's attack.
You hit the ynoxinul. You bite the ynoxinul!
The ynoxinul's magic leaks into the air.
You drain its magic.
You feel invigorated.
The ynoxinul is heavily wounded.
You puncture the ynoxinul! You freeze the ynoxinul. You bite the ynoxinul.
The ynoxinul's magic leaks into the air.
You drain its magic.
You feel invigorated.
The ynoxinul is almost dead.
The ynoxinul falters for a moment.
You puncture the ynoxinul! You freeze the ynoxinul.
You kill the ynoxinul!
An Ice Fiend comes into view.
You can't go up here!
Casting: Lehudib's Crystal Spear (dangerous; 11% risk of failure)
Confirm with . or Enter, or press ? or * to list all spells.
You summon a servant imbued with your destructive magic!
You swap places.
Your spellforged servitor gestures at the Ice Fiend while chanting.
The crystal spear hits the Ice Fiend!!
The Ice Fiend claws your spellforged servitor!
The Ice Fiend freezes your spellforged servitor.
Your spellforged servitor resists.
The Ice Fiend claws your spellforged servitor!
The Ice Fiend freezes your spellforged servitor!
Your spellforged servitor resists.
Your spellforged servitor points at the Ice Fiend and mumbles some strange words.
The crystal spear hits the Ice Fiend!!!
The Ice Fiend gestures at your spellforged servitor.
The bolt of cold misses your spellforged servitor.
You see here a +0 troll leather armour.
The Ice Fiend claws your spellforged servitor!
The Ice Fiend freezes your spellforged servitor.
Your spellforged servitor resists.
The Ice Fiend claws your spellforged servitor.
The Ice Fiend freezes your spellforged servitor!
Your spellforged servitor resists.
Your spellforged servitor is destroyed!
Your spellforged servitor disappears in a puff of smoke!
There is a stone staircase leading up, spattered with blood here.
You fly upwards.
There is a stone staircase leading down, spattered with blood here.
You see here 4 stones.
There is an open door here.
There is an open door here.
Magic restored.
There is an open door here.
A soul eater comes into view.
A red ugly thing comes into view.
There is an open door here.
The red ugly thing gurgles horribly!
Casting: Spellforged Servitor (dangerous; 3% risk of failure)
Confirm with . or Enter, or press ? or * to list all spells.
You summon a servant imbued with your destructive magic!
You block the red ugly thing's attack.
You puncture the red ugly thing! You freeze the red ugly thing.
You bite the red ugly thing! You drain its power.
You feel invigorated.
The red ugly thing is heavily wounded.
The red ugly thing stings you but does no damage.
You hit the red ugly thing. You freeze the red ugly thing.
You bite the red ugly thing!! You drain its power.
The red ugly thing is almost dead.
Your spellforged servitor points at the red ugly thing and mumbles some strange words.
The crystal spear hits the red ugly thing!!!!
The red ugly thing dies!
You see here an ugly thing corpse.
Your spellforged servitor points at the soul eater and mumbles some strange words.
The crystal spear hits the soul eater!!!
The soul eater hits your spellforged servitor!
Your spellforged servitor gestures at the soul eater while chanting.
The crystal spear hits the soul eater!!
The soul eater dies!
There is a staircase back to the Dungeon here.
You fly upwards.
Welcome back to the Dungeon!
There is a staircase to the Depths here.
There is an open door here.
There is a stone staircase leading up, spattered with blood here.
You fly upwards.
There is a stone staircase leading down here.
A soul eater comes into view.
You can't go up here!
Casting: Spellforged Servitor (dangerous; 3% risk of failure)
Confirm with . or Enter, or press ? or * to list all spells.
You summon a servant imbued with your destructive magic!
Your spellforged servitor casts a spell at the soul eater.
The crystal spear hits the soul eater!!!
The soul eater hits your spellforged servitor.
The soul eater hits your spellforged servitor.
Your spellforged servitor points at the soul eater and mumbles some strange words.
The crystal spear hits the soul eater!
The soul eater hits your spellforged servitor!
The soul eater hits your spellforged servitor!
You see here a +0 ring mail.
Your spellforged servitor gestures at the soul eater while chanting.
The crystal spear hits the soul eater!!!
The soul eater dies!
There is a stone staircase leading up here.
You fly upwards.
There is a stone staircase leading down, spattered with blood here.
Things that are here:
a +0 ring mail; a +0 great mace Magic restored.
You yell at the blizzard demon!
A blizzard demon comes into view.
There is a stone staircase leading up here.
You fly upwards.
There is a stone staircase leading down here.
There is an open door here.
An ufetubus comes into view.
The ufetubus shouts!
A Wouruj and a red devil come into view.
You completely miss the ufetubus. You bite the ufetubus. You drain its power.
The ufetubus is heavily wounded.
You block the ufetubus's attack. x2
You barely miss the ufetubus. You bite the ufetubus.
You kill the ufetubus!
Press: ? - help, v - describe, . - travel
Here: Wouruj The floor.
Unknown command.
Unknown command.
Unknown command.
Unknown command.
Casting: Spellforged Servitor (dangerous; 3% risk of failure)
Confirm with . or Enter, or press ? or * to list all spells.
You summon a servant imbued with your destructive magic!
Something hits your spellforged servitor!!!
Your spellforged servitor is caught in a web!
Something hits your spellforged servitor!!
Your spellforged servitor is destroyed!
Your spellforged servitor disappears in a puff of smoke!
Casting: Spellforged Servitor (dangerous; 3% risk of failure)
Confirm with . or Enter, or press ? or * to list all spells.
You summon a servant imbued with your destructive magic!
Your spellforged servitor gestures at the red devil while chanting.
The crystal spear hits Wouruj!!!
Casting: Spellforged Servitor (dangerous; 3% risk of failure)
Confirm with . or Enter, or press ? or * to list all spells.
Aiming: Iron Shot (mildly dangerous; 1% risk of failure)
Press: ? - help, Shift-Dir - straight line, f - Wouruj
Aim: Wouruj (moderately wounded, 34% to hit)
The iron shot misses Wouruj.
The iron shot hits the red devil!!!
You kill the red devil!
Wouruj hits you but does no damage.
Press: ? - help, v - describe, . - travel
Here: Wouruj (moderately wounded, ally target)
The floor.
Unknown command.
Unknown command.
Unknown command.
Unknown command.
Casting: Iron Shot (mildly dangerous; 1% risk of failure)
Confirm with . or Enter, or press ? or * to list all spells.
You blink.
Your spellforged servitor gestures at Wouruj while chanting.
The crystal spear misses Wouruj.
Press: ? - help, v - describe, . - travel
Here: Wouruj (moderately wounded, ally target)
The floor.
Unknown command.
Unknown command.
Unknown command.
You feel yourself speed up. Wouruj hits you!!
Casting: Blink (safe; 1% risk of failure)
Confirm with . or Enter, or press ? or * to list all spells.
You don't know that spell.
You hit Wouruj. You freeze Wouruj. Your bite misses Wouruj.
Wouruj is moderately wounded.
You barely miss Wouruj. Your bite misses Wouruj.
Wouruj is moderately wounded.
You block Wouruj's attack.
You completely miss Wouruj. Your bite misses Wouruj.
Wouruj is moderately wounded.
You completely miss Wouruj. Your bite misses Wouruj.
Wouruj is moderately wounded.
You block Wouruj's attack.
Your spellforged servitor gestures at Wouruj while chanting.
The crystal spear hits Wouruj!
You strike the helpless Wouruj from behind!
You spit Wouruj like a pig!!! You freeze Wouruj. Your bite misses Wouruj.
Wouruj is severely wounded.
You can now pass through a line of other dancers.
You closely miss Wouruj. Your bite misses Wouruj.
Wouruj is severely wounded.
Wouruj hits you!
You completely miss Wouruj. Your bite misses Wouruj.
Wouruj is severely wounded.
Casting: Blink (safe; 1% risk of failure)
Confirm with . or Enter, or press ? or * to list all spells.
Aiming: Lehudib's Crystal Spear (dangerous; 11% risk of failure)
Press: ? - help, Shift-Dir - straight line, f/p - Wouruj
Aim: Wouruj (severely wounded, ally target, 43% to hit)
The crystal spear misses Wouruj.
* * * LOW MAGIC WARNING * * *
You block Wouruj's attack.
Casting: Lehudib's Crystal Spear (dangerous; 11% risk of failure)
Confirm with . or Enter, or press ? or * to list all spells.
You don't have enough magic to cast this spell.
Unknown command.
You puncture Wouruj! You freeze Wouruj. Your bite misses Wouruj.
Wouruj is severely wounded.
Wouruj hits you!!
* * * LOW MAGIC WARNING * * *
You completely miss Wouruj. You bite Wouruj, but do no damage.
Wouruj is severely wounded.
You puncture Wouruj! You freeze Wouruj. Your bite misses Wouruj.
Wouruj is severely wounded.
Your spellforged servitor casts a spell at Wouruj.
The crystal spear hits Wouruj!!!!
Wouruj dies!
There is a stone staircase leading up here.
You fly upwards.
There is a stone staircase leading down here.
An Orb Guardian comes into view.
You can't go up here!
Your extra speed is starting to run out.
Aiming: Dig
Press: ? - help, Shift-Dir - straight line A rock wall.
This square is covered in magical glow.
You feel a surge of power!
The rock shatters into small pieces.
You feel yourself slow down.
Unknown command.
A daeva comes into view.
It is wielding a +5 long sword of holy wrath.
There is an open door here.
There is a stone staircase leading up here.
Okay, then.
You fly upwards.
There is a stone staircase leading down here.
HP restored.
An orc comes into view. It is wielding a +0 war axe.
The orc shouts!
The orc attacks as you move away! You block the orc's attack.
The orc attacks as you move away! You block the orc's attack.
You block the orc's attack. The orc attacks as you move away!
You block the orc's attack. The orc attacks as you move away!
You block the orc's attack. The orc attacks as you move away!
You block the orc's attack.
A shadow demon comes into view.
The orc attacks as you move away! You block the orc's attack.
The orc attacks as you move away! The orc completely misses you.
The shadow demon gestures.
The orc attacks as you move away! The orc misses you.
There is a stone staircase leading up here.
The orc hits you with a +0 war axe.
You fly upwards.
There is a stone staircase leading down here.
You impale the orc!! You freeze the orc.
You kill the orc!
There is an open door here.
There is a stone staircase leading up here.
You fly upwards.
There is a stone staircase leading down here.
There is an escape hatch in the ceiling here.
A mysterious force pulls you upwards. The hatch slams shut behind you.
Level annotation: exclusion: steam dragon
There is an escape hatch in the ceiling here.
A mysterious force pulls you upwards. The hatch slams shut behind you.
A howler monkey comes into view.
You can't go up here!
The howler monkey howls!
The howler monkey hoots and howls with incredible vigour!
You closely miss the howler monkey. You bite the howler monkey!
You drain its power.
The howler monkey is moderately wounded.
The howler monkey misses you.
You hit the howler monkey. You freeze the howler monkey.
You bite the howler monkey.
You kill the howler monkey!
No target in view!
No target in view!
(D) Dungeon (T) Temple (L) Lair (S) Swamp (P) Snake Pit (M) Slime Pits (O) Orcish Mines (E) Elven Halls (V) Vaults (C) Crypt (W) Tomb (U) Depths (H) Hell (Z) Zot
Where to? (Enter - D:6 @ (x,y), ? - help)
Okay, then.
(D) Dungeon (T) Temple (L) Lair (S) Swamp (P) Snake Pit (M) Slime Pits (O) Orcish Mines (E) Elven Halls (V) Vaults (C) Crypt (W) Tomb (U) Depths (H) Hell (Z) Zot
Where to? (Enter - D:6 @ (x,y), ? - help)
There is a stone staircase leading up here.
You fly upwards.
Level annotation: Prince Ribbit
There is a stone staircase leading down here.
An Orb Guardian comes into view.
You can't go up here!
Casting: Lehudib's Crystal Spear (dangerous; 11% risk of failure)
Confirm with . or Enter, or press ? or * to list all spells.
You summon a servant imbued with your destructive magic!
Casting: Spellforged Servitor (dangerous; 3% risk of failure)
Confirm with . or Enter, or press ? or * to list all spells.
Aiming: Lehudib's Crystal Spear (dangerous; 11% risk of failure)
Press: ? - help, Shift-Dir - straight line, f - Orb Guardian
Aim: an Orb Guardian (ally target, 76% to hit)
Okay, then.
Casting: Lehudib's Crystal Spear (dangerous; 11% risk of failure)
Confirm with . or Enter, or press ? or * to list all spells.
Aiming: Lehudib's Crystal Spear (dangerous; 11% risk of failure)
Press: ? - help, Shift-Dir - straight line, f - Orb Guardian
Aim: an Orb Guardian (ally target, 76% to hit)
The crystal spear hits the Orb Guardian!!!!
The Orb Guardian is almost dead.
You hit the Orb Guardian but do no damage.
You bite the Orb Guardian! You drain its power.
You feel invigorated.
The Orb Guardian is almost dead.
The Orb Guardian misses you.
You can now pass through a line of other dancers.
You hit the Orb Guardian but do no damage.
Your bite misses the Orb Guardian.
The Orb Guardian is almost dead.
You puncture the Orb Guardian! You freeze the Orb Guardian.
You kill the Orb Guardian!
(D) Dungeon (T) Temple (L) Lair (S) Swamp (P) Snake Pit (M) Slime Pits (O) Orcish Mines (E) Elven Halls (V) Vaults (C) Crypt (W) Tomb (U) Depths (H) Hell (Z) Zot
Where to? (Enter - D:5 @ (x,y), ? - help)
A Fimiceg, a sixfirhy and a large abomination come into view.
Press: ? - help, v - describe, . - travel
Here: Fimiceg The floor.
Unknown command.
Unknown command.
Unknown command.
Unknown command.
Unknown command.
Unknown command.
Unknown command.
Unknown command.
You feel yourself speed up.
You feel clever all of a sudden.
Casting: Lehudib's Crystal Spear (dangerous; 11% risk of failure)
Confirm with . or Enter, or press ? or * to list all spells.
Aiming: Lehudib's Crystal Spear (dangerous; 11% risk of failure)
Press: ? - help, Shift-Dir - straight line, f - Fimiceg
Aim: Fimiceg (96% to hit)
You feel a surge of power!
The crystal spear hits Fimiceg!!!!
Fimiceg is heavily wounded.
Casting: Lehudib's Crystal Spear (dangerous; 11% risk of failure)
Confirm with . or Enter, or press ? or * to list all spells.
Aiming: Lehudib's Crystal Spear (dangerous; 11% risk of failure)
Press: ? - help, Shift-Dir - straight line, f/p - Fimiceg
Aim: Fimiceg (heavily wounded, 96% to hit)
You feel a surge of power!
The crystal spear hits Fimiceg!!!
Fimiceg is severely wounded.
You can now pass through a line of other dancers.
Casting: Lehudib's Crystal Spear (dangerous; 11% risk of failure)
Confirm with . or Enter, or press ? or * to list all spells.
Aiming: Lehudib's Crystal Spear (dangerous; 11% risk of failure)
Press: ? - help, Shift-Dir - straight line, f/p - Fimiceg
Aim: Fimiceg (severely wounded, 96% to hit)
You feel a surge of power!
The crystal spear hits Fimiceg!!!
You kill Fimiceg!
You block the sixfirhy's attack.
The sixfirhy hits you but does no damage.
Your spellforged servitor casts a spell at the large abomination.
The crystal spear hits the large abomination!!!
The large abomination is destroyed!
You miss the sixfirhy. You bite the sixfirhy! You drain its power.
You feel invigorated.
The sixfirhy is moderately wounded.
The sixfirhy misses you.
Uskayaw will force your foes to helplessly watch your dance.
Uskayaw prepares the audience for your solo!
The helpless sixfirhy fails to defend itself.
You perforate the sixfirhy like a sieve!!!!!
You freeze the sixfirhy.
You kill the sixfirhy!
No target in view!
(D) Dungeon (T) Temple (L) Lair (S) Swamp (P) Snake Pit (M) Slime Pits (O) Orcish Mines (E) Elven Halls (V) Vaults (C) Crypt (W) Tomb (U) Depths (H) Hell (Z) Zot
Where to? (Enter - D:5 @ (x,y), ? - help)
There is a stone staircase leading up here.
You fly upwards.
There is a stone staircase leading down here.
(D) Dungeon (T) Temple (L) Lair (S) Swamp (P) Snake Pit (M) Slime Pits (O) Orcish Mines (E) Elven Halls (V) Vaults (C) Crypt (W) Tomb (U) Depths (H) Hell (Z) Zot
Where to? (Enter - D:4, ? - help)
There is a stone staircase leading up here.
You fly upwards.
There is a stone staircase leading down here.
(D) Dungeon (T) Temple (L) Lair (S) Swamp (P) Snake Pit (M) Slime Pits (O) Orcish Mines (E) Elven Halls (V) Vaults (C) Crypt (W) Tomb (U) Depths (H) Hell (Z) Zot
Where to? (Enter - D:3, ? - help)
Your extra speed is starting to run out.
Magic restored.
You feel a little less clever now.
You feel yourself slow down.
Things that are here:
a +0 chain mail; a +0 flail; an orc skeleton
There is an entrance to Zudyril's General Store here.
Things that are here:
a +0 robe; a +0 dagger
There is a stone staircase leading up here.
You fly upwards.
There is a stone staircase leading down here.
(D) Dungeon (T) Temple (L) Lair (S) Swamp (P) Snake Pit (M) Slime Pits (O) Orcish Mines (E) Elven Halls (V) Vaults (C) Crypt (W) Tomb (U) Depths (H) Hell (Z) Zot
Where to? (Enter - D:2, ? - help)
You yell at the glowing orange brain!
A glowing orange brain comes into view.
There is a stone staircase leading up here.
You fly upwards.
There is a stone staircase leading down here.
(D) Dungeon (T) Temple (L) Lair (S) Swamp (P) Snake Pit (M) Slime Pits (O) Orcish Mines (E) Elven Halls (V) Vaults (C) Crypt (W) Tomb (U) Depths (H) Hell (Z) Zot
Where to? (Enter - D:1, ? - help)
Okay, then.
There is a staircase leading out of the dungeon here.
You have escaped!

#### #..###.###..##.###...## #.#
##.# ####.###.##..#.###.##..# #.#
.P####.###.##.##.##.##.###..###.#
..#...#.###.##.#.#.##.###.......#
..#...##.###.#.#.#.#.###.#.######
...#..###..##.##.##.##..##..# #
.PP#..# ###..#.....#..####..# #
P..#..########.....#######..#####
..P#..#.........@................
##############.....#######.######
.P.# ###..#.....#..####.## ...###
##..##.##.##.##..##..#
.P.#.###.###.#.#.#.#.###.##.#
...#.##.###.##.#.#.##.###.#.#
..#..#.###.##.##.##.##.###..#
PP#...###.###.##.##.###.##..#
..#.#....###.###.###.###...##


There were no monsters in sight!

Vanquished Creatures
  2 dread liches
  An ancient lich (Vaults:5)
  3 orbs of fire (Zot:5)
  A juggernaut (Depths:4)
  Vv (Zot:2)
  Frederick (Vaults:2)
  Bai Suzhen (Depths:1)
  4 Killer Klowns
  A pandemonium lord (D:5)
  3 curse toes
  8 golden dragons
  3 bone dragons (Crypt:3)
  A shard shrike zombie (Crypt:1)
  10 tentacled monstrosities
  Jorgrun (Swamp:1)
  Rupert (D:13)
  4 liches
  Mlioglotl (Snake:3)
  Asterion (Vaults:3)
  9 Orb Guardians
  2 titans (Vaults:5)
  2 quicksilver dragons
  A shard shrike skeleton (Crypt:3)
  2 deep elf master archers (Elf:3)
  7 ancient champions
  7 death cobs
  2 deep elf blademasters (Elf:3)
  6 sphinxes
  Kirke (D:12)
  14 storm dragons
  4 tengu reavers
  6 shadow dragons
  Gastronok (Lair:2)
  A thorn hunter (Swamp:4)
  2 nagarajas (Snake:4)
  Donald (Orc:2)
  5 draconian knights
  3 fire giants
  4 frost giants
  4 revenants
  An imperial myrmidon (Desolation)
  An iron dragon (Depths:3)
  5 draconian scorchers
  2 orc warlords
  2 caustic shrike zombies (WizLab)
  Louise (D:15)
  Aizul (Snake:2)
  2 deep elf sorcerers (Elf:3)
  3 draconian shifters
  22 vault wardens
  5 ghouls
  A spectral caustic shrike (WizLab)
  2 deep elf elementalists (Elf:3)
  A juggernaut skeleton (Crypt:3)
  7 war gargoyles
  2 spriggan defenders (Depths:3)
  4 angels (Zot:4)
  5 caustic shrike skeletons
  11 stone giants
  3 draconian annihilators
  2 draconian stormcallers
  8 ironbound thunderhulks
  15 ironbound preservers
  15 very ugly things
  6 deep elf demonologists
  3 green draconians
  5 vampire knights
  2 purple draconians
  4 eleionomae
  4 black draconians
  A spectral titan (WizLab)
  4 halazid warlocks
  Azrael (D:14)
  6 red draconians
  5 dire elephants
  5 entropy weavers
  2 spark wasps (Depths:4)
  4 white draconians
  A bunyip (Swamp:2)
  7 deep elf annihilators
  3 crystal guardians (Desolation)
  Snorg (D:12)
  4 yellow draconians
  3 eidola
  4 jiangshi
  7 deep elf death magi
  6 fire dragons
  10 deep elf high priests
  12 ettins
  15 yaktaur captains
  A quicksilver dragon zombie (Crypt:3)
  Josephine (D:11)
  5 ragged hierophants (Desolation)
  4 great orbs of eyes
  An ice dragon (Depths:4)
  4 rakshasas
  5 salamander tyrants
  12 peacekeepers
  42 vault guards
  Fannar (D:12)
  4 boulder beetles
  5 spriggan air magi
  10 centaur warriors
  4 ogre magi
  A catoblepas (Lair:5)
  20 hydras
  7 ironbound frosthearts
  3 servants of whispers (Desolation)
  2 spriggan skeletons (Crypt:3)
  A quicksilver dragon skeleton (Crypt:3)
  Erica (D:8)
  18 naga warriors
  2 ghost crabs
  8 alligators
  A fenstrider witch skeleton (Crypt:3)
  15 two-headed ogres
  21 dancing weapons
  A death knight (Crypt:1)
  An alligator (shapeshifter) (Vaults:5)
  3 deep troll earth magi
  7 tengu warriors
  8 anacondas
  3 death yaks (Lair:5)
  6 deep troll shamans
  7 shock serpents
  10 spriggan berserkers
  5 vampire magi
  An orc high priest (Elf:1)
  12 naga sharpshooters
  Urug (Orc:2)
  Amaemon (Lair:2)
  A hell knight (Vaults:5)
  22 deep elf knights
  2 soul eaters (D:14)
  A sun demon (Depths:1)
  6 titan skeletons
  4 iron trolls
  4 nameless horrors
  6 salamander mystics
  4 shadow wraiths
  3 goliath frogs (Swamp:1)
  A spark wasp zombie (WizLab)
  A spectral spark wasp (WizLab)
  38 deep trolls
  3 sixfirhies
  21 skeletal warriors
  A flayed ghost (Depths:4)
  7 bog bodies
  4 spriggan druids
  2 glowing orange brains
  24 ironbound convokers
  13 swamp dragons
  An orange crystal statue (Depths:1)
  11 wizards
  A spriggan simulacrum (Crypt:3)
  15 phantasmal warriors
  5 naga ritualists
  11 deep elf archers
  5 harpies (Vaults:5)
  6 mana vipers
  39 deep elf pyromancers
  A lindwurm (shapeshifter) (Depths:2)
  6 orc knights
  2 iron giant skeletons
  36 deep elf zephyrmancers
  3 necromancers
  A spectral wolf spider (WizLab)
  34 ugly things
  15 lindwurms
  8 will-o-the-wisps
  2 orc sorcerers (Orc:2)
  3 wolf spiders
  A wolf spider (shapeshifter) (Vaults:1)
  3 manticores
  An oklob plant (Lair:4)
  19 salamanders
  14 moths of wrath
  A spectral spriggan (WizLab)
  A frost giant skeleton (Depths:2)
  An iron dragon skeleton (Depths:2)
  A black mamba (shapeshifter) (D:15)
  A centaur zombie (Crypt:3)
  6 cyclopes
  26 black mambas
  2 stone giant skeletons
  A dire elephant zombie (Crypt:3)
  A rust devil (D:14)
  4 elephants (Lair:5)
  22 vault sentinels
  7 guardian serpents
  18 naga magi
  A fire giant skeleton (Vaults:1)
  3 gargoyles
  2 smoke demons
  7 torpor snails (Lair:5)
  A water nymph (shapeshifter) (Depths:3)
  5 orange demons
  A pale draconian zombie (Crypt:1)
  A centaur skeleton (Crypt:3)
  A red draconian zombie (Crypt:2)
  2 unseen horrors (D:12)
  A grey draconian zombie (Crypt:3)
  A kobold demonologist (D:8)
  21 cane toads
  An efreet (D:14)
  3 freezing wraiths
  An alligator snapping turtle skeleton (Crypt:3)
  43 yaktaurs
  An iron troll zombie (Crypt:1)
  12 komodo dragons
  6 rime drakes
  A komodo dragon (shapeshifter) (Zot:4)
  2 yaktaurs (shapeshifter)
  2 ice devils (D:14)
  3 tengu conjurers (D:13)
  4 red devils
  A meliai (shapeshifter) (Vaults:5)
  3 polar bears
  13 trolls
  A tarantella (Vaults:3)
  12 tyrant leeches
  3 harpy skeletons (Crypt:3)
  A moth of wrath zombie (Crypt:2)
  16 slime creatures
  14 hornets
  41 saltlings (Desolation)
  A tarantella zombie (Crypt:2)
  7 blink frogs
  A fire giant simulacrum (Vaults:4)
  3 ettin skeletons
  2 jumping spiders (Vaults:1)
  4 spriggans
  5 flying skulls (WizLab)
  A culicivora (Vaults:1)
  A black mamba zombie (Crypt:2)
  5 shadows
  A culicivora (shapeshifter) (D:15)
  2 vampires
  5 ynoxinuls
  2 air elementals (Elf:3)
  5 humans (Depths:3)
  3 water elementals
  9 wyverns
  7 wraiths
  3 hogs (D:12)
  73 yaks
  4 chaos spawn
  Grum (D:10)
  8 redbacks
  4 fire elementals
  A hog (shapeshifter) (Elf:1)
  6 steam dragons
  4 basilisks
  2 neqoxecs (D:14)
  Menkaure (D:6)
  A human simulacrum (Vaults:4)
  13 vampire mosquitoes
  15 swamp worms
  3 wargs
  42 nagas
  A faun skeleton (Crypt:2)
  2 hell hounds
  3 acid dragons
  13 water moccasins
  9 swamp drakes
  2 water nymph skeletons
  A naga skeleton (Crypt:3)
  A demonspawn skeleton (Crypt:2)
  3 black bears
  23 ogres
  21 orc warriors
  16 wolves
  3 human skeletons (Vaults:1)
  A rime drake zombie (Crypt:3)
  9 centaurs
  A dream sheep skeleton (Crypt:1)
  9 bullfrogs
  A vine stalker zombie (Crypt:2)
  2 necrophages (Crypt:2)
  A salamander skeleton (Crypt:3)
  9 earth elementals
  A gnoll sergeant (D:8)
  18 wights
  16 killer bees
  A raiju zombie (Crypt:3)
  9 electric eels
  7 howler monkeys
  A lava snake (Swamp:4)
  4 hounds
  A jelly (D:5)
  A gnoll bouda (D:6)
  17 orc priests
  A basilisk skeleton (Crypt:3)
  2 iguanas (D:6)
  17 orc wizards
  11 gnolls
  A howler monkey skeleton (Crypt:1)
  A swamp drake zombie (Crypt:3)
  17 adders
  An ufetubus (D:12)
  An iguana skeleton (Crypt:2)
  70 orcs
  4 ball pythons
  5 endoplasms
  2 giant cockroaches (D:1)
  2 goblins
  2 hobgoblins
  4 jackals
  A quokka (D:2)
  6 bats
  2 frilled lizards (D:1)
  A jackal skeleton (Crypt:1)
  6 kobolds
  3 rats
  3 butterflies (Zot:4)
  A pillar of salt (Zot:4)
1993 creatures vanquished.

Vanquished Creatures (collateral kills)
  Tiamat (Zot:2)
  3 orbs of fire
  An ancient lich (Zot:5)
  2 pandemonium lords
  2 Killer Klowns (Zot:5)
  Saint Roka (Crypt:1)
  4 golden dragons
  2 electric golems
  A tentacled monstrosity (Zot:1)
  13 Orb Guardians (Zot:5)
  2 quicksilver dragons
  3 death cobs
  3 ancient champions
  2 tengu reavers
  2 draconian monks
  4 storm dragons
  7 shadow dragons
  A revenant (WizLab)
  A fire giant (Depths:2)
  A vault warden (Vaults:5)
  3 frost giants
  4 draconian scorchers
  A curse skull (Crypt:2)
  3 draconian stormcallers
  6 very ugly things
  2 draconian shifters (Zot:3)
  A war gargoyle (Vaults:5)
  2 draconian annihilators
  2 deep elf demonologists (Elf:3)
  6 green draconians
  9 stone giants
  A vampire knight (Depths:2)
  6 purple draconians
  10 red draconians
  7 white draconians
  8 black draconians
  3 deep elf annihilators (Elf:3)
  3 halazid warlocks (WizLab)
  5 yellow draconians
  A spark wasp (Depths:4)
  An eidolon (WizLab)
  8 fire dragons
  An ettin (Depths:1)
  2 deep elf death magi (Elf:3)
  A yaktaur captain (Depths:4)
  4 jiangshi
  A deep elf high priest (Elf:3)
  A vault guard (Vaults:5)
  5 ice dragons
  A ghost crab (Swamp:1)
  An ironbound frostheart (Vaults:5)
  A deep troll shaman (Depths:1)
  A dancing weapon (Elf:3)
  2 vampire magi
  2 spriggan berserkers (Depths:2)
  5 soul eaters
  2 deep troll earth magi (Depths:4)
  A hell knight (Depths:2)
  A goliath frog (Swamp:1)
  3 iron trolls
  12 skeletal warriors
  A titan skeleton (Crypt:3)
  A large abomination (D:5)
  A glowing orange brain (Depths:2)
  6 deep trolls
  A bog body (Crypt:3)
  A wizard (Depths:2)
  A phantasmal warrior (WizLab)
  A deep elf archer (Elf:3)
  2 necromancers
  6 moths of wrath
  9 ugly things
  A vault sentinel (Vaults:5)
  A dire elephant zombie (Crypt:3)
  A hellion (Depths:2)
  A freezing wraith (Crypt:1)
  4 flying skulls (WizLab)
  A spriggan skeleton (Depths:2)
  A water elemental (Elf:3)
  A wraith (Crypt:3)
  A ynoxinul (Zot:3)
  A steam dragon (shapeshifter) (Vaults:5)
  A chaos spawn (Zot:4)
  2 tengu skeletons
  4 orc warriors (Crypt:1)
  An earth elemental (Elf:3)
  6 wights (Crypt:3)
  A steam dragon skeleton (Crypt:1)
  4 orcs (Crypt:1)
257 creatures vanquished.

Vanquished Creatures (others)
  A draconian knight (Zot:3)
  A draconian shifter (Zot:1)
  A white draconian (Zot:2)
  A deep elf zephyrmancer (Elf:2)
  A lindwurm (Swamp:4)
  A human (D:12)
  A chaos spawn (Depths:2)
  2 swamp drakes (Swamp:4)
  An ogre (Vaults:5)
  2 killer bees
  2 bushes
  23 demonic plants (D:14)
  15 foxfires
  53 fungi
  6 pillars of salt
  95 plants
  A withered plant (Desolation)
207 creatures vanquished.

Grand Total: 2457 creatures vanquished

Notes
Turn   | Place    | Note
-------+----------+-------------------------------------------
     0 | D:1      | sleeves the Vine Stalker Hedge Wizard began the quest for
                  | the Orb.
     0 | D:1      | Reached XP level 1. HP: 9/9 MP: 5/5
   270 | D:1      | Found a faded altar of an unknown god.
   333 | D:1      | Reached skill level 1 in Short Blades
   339 | D:1      | Reached XP level 2. HP: 13/13 MP: 7/7
  1253 | D:2      | Reached skill level 2 in Short Blades
  1409 | D:2      | HP: 6/13 [quokka (3)]
  1415 | D:2      | HP: 4/13 [quokka (2)]
  1661 | D:2      | Found the +6 arbalest "Damnation" {damnation}
  1884 | D:2      | Reached XP level 3. HP: 14/16 MP: 5/8
  2393 | D:3      | Found Zudyril's General Store.
  2411 | D:3      | Reached skill level 3 in Short Blades
  2524 | D:3      | Gained mutation: Your natural rate of healing is unusually
                  | fast. [Vine Stalker growth]
  2524 | D:3      | Reached XP level 4. HP: 20/21 MP: 6/9
  3199 | D:4      | Found a staircase to the Ecumenical Temple.
  3212 | Temple   | Entered the Ecumenical Temple
  3271 | Temple   | Became a worshipper of Uskayaw the Reveller
  3551 | D:3      | Reached * piety under Uskayaw
  3661 | D:4      | HP: 8/21 [orc wizard/puff of flame (7)]
  3663 | D:4      | Reached ** piety under Uskayaw
  3664 | D:4      | Reached skill level 3 in Stealth
  3664 | D:4      | Reached XP level 5. HP: 12/24 MP: 3/10
  3747 | D:4      | Reached skill level 4 in Short Blades
  3976 | D:4      | Reached skill level 4 in Stealth
  4150 | D:5      | Entered Level 5 of the Dungeon
  4201 | D:5      | Found an ancient bone altar of Kikubaaqudgha.
  4227 | D:5      | Noticed Prince Ribbit
  4393 | D:5      | Reached skill level 5 in Stealth
  4393 | D:5      | Reached XP level 6. HP: 24/28 MP: 9/11
  4448 | D:5      | HP: 14/28 [orc priest/+0 flail (5)]
  4617 | D:5      | Found a radiant altar of Vehumet.
  4631 | D:5      | Reached skill level 6 in Stealth
  4949 | D:5      | Reached skill level 1 in Shields
  5348 | D:5      | Reached XP level 7. HP: 32/32 MP: 12/12
  5398 | D:6      | Reached skill level 2 in Shields
  5398 | D:6      | Reached skill level 2 in Conjurations
  5401 | D:6      | Reached *** piety under Uskayaw
  5404 | D:6      | Reached skill level 7 in Stealth
  5626 | D:6      | Found a blossoming altar of Fedhas.
  5634 | D:6      | Noticed Menkaure
  5676 | D:6      | Reached skill level 3 in Conjurations
  5802 | D:6      | Gained mutation: You have razor-sharp teeth. [Vine Stalker
                  | growth]
  5802 | D:6      | Reached XP level 8. HP: 36/36 MP: 13/13
  5806 | D:6      | Learned a level 3 spell: Stone Arrow
  5810 | D:6      | Learned a level 3 spell: Mephitic Cloud
  5933 | D:6      | Found a basalt altar of Yredelemnul.
  6257 | D:6      | Reached skill level 3 in Shields
  7046 | D:8      | Reached skill level 8 in Stealth
  7046 | D:8      | Reached skill level 4 in Conjurations
  7147 | D:8      | Noticed a kobold demonologist
  7166 | D:8      | Killed a kobold demonologist
  7167 | D:8      | Reached skill level 4 in Shields
  7202 | D:8      | Noticed a gargoyle
  7248 | D:7      | Reached skill level 9 in Stealth
  7254 | D:7      | Reached **** piety under Uskayaw
  7260 | D:7      | HP: 14/36 [steam dragon] (10)]
  7261 | D:7      | Reached skill level 5 in Conjurations
  7267 | D:7      | Reached XP level 9. HP: 13/39 MP: 10/14
  7517 | D:5      | Found a sacrificial altar of Ru.
  7639 | D:6      | Killed Menkaure
  7847 | D:7      | Learned a level 2 spell: Blink
  7862 | D:8      | Reached skill level 5 in Shields
  7953 | D:8      | Reached skill level 1 in Invocations
  7953 | D:8      | Noticed a hornet
  7961 | D:8      | Killed a hornet
  8006 | D:8      | Reached skill level 10 in Stealth
  8006 | D:8      | Reached skill level 2 in Invocations
  8016 | D:8      | Reached skill level 6 in Conjurations
  8020 | D:8      | Noticed Erica
  8346 | D:8      | Reached skill level 3 in Invocations
  8443 | D:8      | Identified 2 scrolls of acquirement
  8466 | D:8      | Found Cutep's Gadget Gallery.
  8581 | D:8      | Killed a gargoyle
  8672 | D:8      | Found a staircase to the Lair.
  9008 | D:8      | Reached skill level 11 in Stealth
  9008 | D:8      | Reached skill level 7 in Conjurations
  9008 | D:8      | Reached skill level 4 in Invocations
  9008 | D:8      | Reached XP level 10. HP: 44/44 MP: 15/15
  9014 | D:8      | Killed Erica
  9176 | D:9      | Reached skill level 5 in Invocations
  9224 | D:9      | Found a hazy altar of Hepliaklqana.
  9444 | D:9      | Noticed a two-headed ogre
  9459 | D:9      | HP: 22/44 [two-headed ogre/+0 giant spiked club (22)]
  9459 | D:9      | Killed a two-headed ogre
  9460 | D:9      | Reached skill level 1 in Fighting
  9460 | D:9      | Reached skill level 12 in Stealth
  9460 | D:9      | Reached skill level 8 in Conjurations
  9600 | D:9      | Noticed a two-headed ogre
 10007 | D:10     | Entered Level 10 of the Dungeon
 10010 | D:10     | Reached skill level 2 in Fighting
 10012 | D:10     | Reached skill level 6 in Invocations
 10070 | D:10     | Noticed a two-headed ogre
 10084 | D:10     | HP: 12/47 [two-headed ogre/+0 giant club (21)]
 10089 | D:10     | Killed a two-headed ogre
 10090 | D:10     | Reached skill level 3 in Fighting
 10090 | D:10     | Reached skill level 5 in Short Blades
 10090 | D:10     | Reached XP level 11. HP: 19/52 MP: 6/16
 10218 | D:10     | Noticed Grum
 10236 | D:10     | Killed Grum
 10355 | D:10     | Found a staircase to the Orcish Mines.
 10406 | D:10     | HP: 25/52 [orc priest/divine providence (9)]
 10413 | D:10     | HP: 24/52 [orc priest/divine providence (6)]
 10555 | D:10     | Learned a level 5 spell: Iskenderun's Battlesphere
 10697 | D:10     | Found a sparkling altar of Nemelex Xobeh.
 10746 | D:10     | Reached skill level 9 in Conjurations
 10747 | D:10     | Reached skill level 7 in Invocations
 10748 | D:10     | Reached skill level 4 in Fighting
 10749 | D:10     | Reached ***** piety under Uskayaw
 10862 | D:10     | Identified the +1 pair of boots of Emnosimn {rElec rF++}
 10872 | D:10     | Identified the +3 scale mail of Dowdy Happiness {Will-
                  | Str-4 Dex+9 SInv}
 10904 | D:10     | Found a shimmering altar of Xom.
 11220 | D:10     | Noticed a boulder beetle
 11228 | D:10     | Noticed a two-headed ogre
 11238 | D:10     | Killed a two-headed ogre
 11239 | D:10     | Reached skill level 6 in Short Blades
 11354 | D:10     | HP: 23/54 [boulder beetle (7)]
 11359 | D:10     | Killed a boulder beetle
 11601 | D:11     | Noticed a two-headed ogre
 11622 | D:11     | Killed a two-headed ogre
 11644 | D:11     | Reached skill level 5 in Fighting
 12105 | D:11     | Noticed Josephine
 12174 | Lair:1   | Entered Level 1 of the Lair of Beasts
 12195 | Lair:1   | Found a gate leading to a gauntlet.
 12204 | Gauntlet | Entered a Gauntlet
 12204 | Gauntlet | Found a transporter.
 12205 | Gauntlet | Noticed a death drake
 12207 | Gauntlet | Found a transporter.
 12220 | Gauntlet | Found a transporter.
 12223 | Gauntlet | Found a transporter.
 12228 | Gauntlet | Noticed a blizzard demon
 12238 | Gauntlet | Found a transporter.
 12250 | Gauntlet | Found a transporter.
 12266 | Gauntlet | Found a transporter.
 12284 | Gauntlet | Found a transporter.
 12288 | Gauntlet | Found a transporter.
 12288 | Gauntlet | Found the +2 hat of the Bear Spirit {Spirit, *Rage Will++}
 12296 | Gauntlet | Found a transporter.
 12319 | Gauntlet | Found a transporter.
 12319 | Gauntlet | Noticed a moth of wrath
 12321 | Gauntlet | Found a transporter.
 12327 | Gauntlet | Noticed a wolf spider
 12402 | Lair:1   | Reached skill level 4 in Spellcasting
 12402 | Lair:1   | Reached XP level 12. HP: 46/60 MP: 8/19
 12404 | Lair:1   | Reached skill level 8 in Invocations
 12420 | Lair:1   | Reached ****** piety under Uskayaw
 12442 | Lair:1   | Reached skill level 10 in Conjurations
 12586 | Lair:1   | Reached skill level 5 in Spellcasting
 12695 | Lair:1   | Reached skill level 6 in Fighting
 13158 | Lair:2   | Noticed Amaemon
 13166 | Lair:2   | Reached skill level 9 in Invocations
 13172 | Lair:2   | Killed Amaemon
 13248 | Lair:2   | Reached skill level 6 in Spellcasting
 13250 | Lair:2   | Noticed Gastronok
 13256 | Lair:2   | Killed Gastronok
 13491 | Lair:2   | Reached skill level 7 in Fighting
 13584 | Lair:2   | Reached XP level 13. HP: 56/67 MP: 23/23
 13591 | Lair:2   | Reached skill level 11 in Conjurations
 14102 | Lair:2   | Found a staircase to the Swamp.
 14280 | Lair:3   | Reached skill level 7 in Spellcasting
 14292 | Lair:3   | CougarLife: oh you mean the weapon
 14292 | Lair:3   | HP: 31/67 [yak (9)]
 14299 | Lair:3   | CougarLife: yeah the ranged unrandarts are pretty good
 14320 | Lair:3   | CougarLife: think sniper and zephyr have always been good
                  | too
 14325 | Lair:3   | sleeves: oh fk
 14325 | Lair:3   | CougarLife: you went way too fast
 14326 | Lair:3   | CougarLife: yo usaw all them and still blasted lmao
 14331 | Lair:3   | Reached skill level 10 in Invocations
 14331 | Lair:3   | sleeves: fkn yolo
 14331 | Lair:3   | CougarLife: what the fuck is putting them to sleep?
 14331 | Lair:3   | sleeves: uskayaw
 14331 | Lair:3   | CougarLife: oh wtf
 14332 | Lair:3   | CougarLife: thats neat
 14337 | Lair:3   | HP: 32/68 [yak (9)]
 14344 | Lair:3   | CougarLife: think youve yee'd your last haw
 14347 | Lair:3   | CougarLife: or not
 14352 | Lair:3   | sleeves: im o
 14352 | Lair:3   | CougarLife: you just spent 5* of piety holy fuck
 14352 | Lair:3   | sleeves: op
 14352 | Lair:3   | CougarLife: oh uska piety works different, right
 14352 | Lair:3   | sleeves: its piety only during fights yeah
 14554 | Lair:3   | CougarLife: are you training ranged weaps now/
 14558 | Lair:3   | sleeves: nah
 14558 | Lair:3   | sleeves: i dont need it
 14558 | Lair:3   | sleeves: apparently
 14558 | Lair:3   | sleeves: im trying conj
 14558 | Lair:3   | sleeves: cuz uh
 14558 | Lair:3   | sleeves: i got everysingle spell
 14558 | Lair:3   | CougarLife: except servitor
 14661 | Lair:3   | sleeves: yeah
 14818 | Lair:3   | Found a staircase to the Snake Pit.
 14828 | Lair:3   | sleeves: lmao
 14828 | Lair:3   | CougarLife: christ that thing is blasting
 14828 | Lair:3   | sleeves: this is retarded
 15112 | Lair:3   | sleeves: also saving the acquire scrolls
 15112 | Lair:3   | sleeves: cuz i might need the item
 15112 | Lair:3   | sleeves: but i dont want to get it
 15112 | Lair:3   | sleeves: it has rp
 15112 | Lair:3   | sleeves: but its kinda bad
 15144 | Lair:4   | Reached skill level 8 in Fighting
 15202 | Lair:4   | sleeves: o wait
 15202 | Lair:4   | sleeves: i have rp ring
 15202 | Lair:4   | Acquired 353 gold pieces
 15255 | Lair:4   | sleeves: nice
 15255 | Lair:4   | sleeves: oof irradiate is god like on usk
 15255 | Lair:4   | sleeves: pretty shit acquire
 15255 | Lair:4   | CougarLife: did you just use both scrolls lol
 15255 | Lair:4   | sleeves: yeah
 15332 | Lair:4   | Reached skill level 8 in Spellcasting
 15348 | Lair:4   | Found a viscous altar of Jiyva.
 15349 | Lair:4   | Found a staircase to the Slime Pits.
 15418 | Lair:4   | sleeves: not good
 15418 | Lair:4   | sleeves: cant run
 15427 | Lair:4   | sleeves: nvm
 15443 | Lair:4   | Reached skill level 12 in Conjurations
 15517 | Lair:4   | CougarLife: whatd i miss wtf did you do
 15517 | Lair:4   | CougarLife: wait a minute
 15517 | Lair:4   | CougarLife: you have 6 ac 12 ev
 15518 | Lair:4   | CougarLife: and youre in lair
 15521 | Lair:4   | CougarLife: what the fuck is wrong with you
 15521 | Lair:4   | sleeves: im a cast/stabber
 15521 | Lair:4   | sleeves: caster
 15664 | Lair:4   | CougarLife: ur playin with fire
 15664 | Lair:4   | sleeves: im a beast
 15921 | Lair:4   | Got the Compendium of Hypothermia
 16216 | Lair:5   | Entered Level 5 of the Lair of Beasts
 16364 | Lair:4   | HP: 35/70 [yak (7)]
 16542 | Lair:5   | Reached skill level 9 in Fighting
 16562 | Lair:5   | sleeves: hollly
 16562 | Lair:5   | sleeves: wtf is this game
 16571 | Lair:5   | Reached XP level 14. HP: 75/75 MP: 26/27
 16579 | Lair:5   | Reached skill level 9 in Spellcasting
 17103 | Lair:5   | Found a runed translucent door.
 17275 | Lair:5   | Paralysed by a hornet for 1 turns
 17292 | Lair:5   | Reached skill level 13 in Conjurations
 17430 | Lair:5   | Reached skill level 10 in Spellcasting
 17616 | Lair:5   | Reached skill level 10 in Fighting
 18391 | Lair:5   | Reached skill level 7 in Short Blades
 18448 | Lair:5   | HP: 32/77 [wolf spider (7)]
 18453 | Lair:5   | HP: 19/77 [poisoned by a wolf spider]
 18458 | Lair:5   | HP: 18/77 [poisoned by a wolf spider]
 18822 | Lair:5   | Reached skill level 13 in Stealth
 19330 | Lair:5   | Reached skill level 8 in Short Blades
 19827 | Orc:1    | Entered Level 1 of the Orcish Mines
 20014 | Orc:2    | Entered Level 2 of the Orcish Mines
 20033 | Orc:2    | Reached skill level 14 in Stealth
 20266 | Orc:2    | Found Ujacsio's Distillery.
 20471 | Orc:2    | Noticed Donald
 20742 | Orc:2    | Killed Donald
 20743 | Orc:2    | Reached XP level 15. HP: 75/78 MP: 19/30
 21237 | Orc:2    | Found a staircase to the Elven Halls.
 21584 | Orc:2    | Noticed Urug
 21596 | Orc:2    | HP: 26/81 [Urug/javelin (23)]
 21740 | Orc:2    | Killed Urug
 21882 | Orc:2    | Found Qasupt's General Store.
 22116 | Orc:2    | Found Karri's Armour Emporium.
 22121 | Orc:2    | Found Weut's Distillery.
 22123 | Orc:2    | Bought a scroll of teleportation for 42 gold pieces
 22130 | Orc:2    | Found Alidiv's Antique Armour Shoppe.
 22138 | Orc:2    | Paralysed by an ogre mage for 5 turns
 22401 | Orc:2    | Bought an embroidered robe for 111 gold pieces
 22428 | Orc:2    | Learned a level 5 spell: Fireball
 22641 | D:11     | Killed Josephine
 22847 | D:12     | Identified the +0 pair of gloves of Poeshoha {Harm rF+}
 23018 | D:12     | Noticed Snorg
 23028 | D:12     | Noticed Sonja
 23031 | D:12     | Noticed Sonja
 23031 | D:12     | Sonja changed into Sonja the blink frog
 23035 | D:12     | Killed Sonja the blink frog
 23142 | D:12     | Killed Snorg
 23262 | D:12     | Noticed Fannar
 23269 | D:12     | Killed Fannar
 23270 | D:12     | Reached skill level 6 in Shields
 23734 | D:12     | Noticed Kirke
 23744 | D:12     | Killed Kirke
 23745 | D:12     | Reached skill level 11 in Spellcasting
 23745 | D:12     | Reached skill level 11 in Invocations
 24239 | D:12     | Found a glowing silver altar of Zin.
 24239 | D:12     | Noticed an angel
 24610 | D:13     | Reached skill level 11 in Fighting
 25108 | D:13     | Noticed Rupert
 25490 | D:13     | Killed Rupert
 26186 | D:14     | Found a white marble altar of Elyvilon.
 26242 | D:14     | Reached XP level 16. HP: 74/87 MP: 20/32
 26876 | D:14     | Found a gate to the Vaults.
 27315 | D:14     | Found a glowing golden altar of the Shining One.
 27316 | D:14     | Found a glowing silver altar of Zin.
 27572 | D:14     | Reached skill level 12 in Invocations
 27739 | D:14     | Reached skill level 12 in Spellcasting
 27739 | D:14     | Reached skill level 14 in Conjurations
 27949 | D:15     | Entered Level 15 of the Dungeon
 27993 | D:15     | Noticed Azrael
 28109 | D:14     | HP: 27/88 [Azrael/damnation (32)]
 28250 | D:15     | Learned a level 4 spell: Iskenderun's Mystic Blast
 28433 | D:15     | Noticed Louise
 28670 | D:14     | Killed Azrael
 28811 | D:15     | Killed Louise
 28995 | D:14     | Reached skill level 12 in Fighting
 29951 | D:15     | Found a staircase to the Depths.
 30384 | Snake:1  | Entered Level 1 of the Snake Pit
 30943 | Snake:1  | Reached skill level 2 in Dodging
 31143 | Snake:1  | Reached XP level 17. HP: 89/93 MP: 27/34
 31671 | Snake:1  | Found the +3 salamander hide armour {Flames rF++ rC--}
 31941 | Snake:1  | Found Boapp's Distillery.
 31942 | Snake:1  | Identified the +2 ring mail of Inference {Dex+2}
 32018 | Snake:1  | Identified the +0 leather armour "Qomni" {Harm rC- Dex+8}
 32574 | Snake:2  | Noticed Aizul
 32581 | Snake:2  | Killed Aizul
 32582 | Snake:2  | HP: 46/94 [poisoned by Aizul (bolt of poison)]
 32587 | Snake:2  | HP: 36/94 [poisoned by Aizul (bolt of poison)]
 32592 | Snake:2  | HP: 36/94 [poisoned by Aizul (bolt of poison)]
 32810 | Snake:2  | Reached skill level 3 in Dodging
 33242 | Snake:2  | Reached skill level 13 in Invocations
 33360 | Snake:2  | Reached skill level 13 in Spellcasting
 33936 | Snake:2  | Reached skill level 15 in Conjurations
 34309 | Snake:3  | Reached skill level 7 in Shields
 34540 | Snake:3  | Reached skill level 4 in Dodging
 35311 | Snake:3  | Reached skill level 13 in Fighting
 36288 | Snake:3  | Noticed Mlioglotl
 36301 | Snake:3  | Killed Mlioglotl
 36459 | Snake:3  | Reached skill level 5 in Dodging
 36673 | Snake:3  | Reached skill level 8 in Shields
 36873 | Snake:4  | Entered Level 4 of the Snake Pit
 37230 | Snake:4  | Found a shadowy altar of Dithmenos.
 37682 | Snake:4  | Reached XP level 18. HP: 97/100 MP: 18/36
 38077 | Snake:4  | Found Qerhas's Weapon Shop.
 38079 | Snake:4  | Found Lyting's Weapon Boutique.
 38082 | Snake:4  | Found Begufixt's General Store.
 38481 | Snake:4  | Reached skill level 6 in Dodging
 39094 | Snake:4  | Reached skill level 9 in Shields
 39335 | Snake:4  | HP: 50/101 [naga sharpshooter/bolt (13)]
 39977 | Snake:4  | Reached skill level 14 in Fighting
 40034 | Snake:4  | Got a serpentine rune of Zot
 40222 | Swamp:1  | Entered Level 1 of the Swamp
 40290 | Swamp:1  | Noticed Jorgrun
 40306 | Swamp:1  | Killed Jorgrun
 40306 | Swamp:1  | HP: 45/98 [ghost crab (7)]
 40312 | Swamp:1  | HP: 30/98 [swamp worm/harpoon shot (13)]
 40315 | Swamp:1  | Reached skill level 7 in Dodging
 40317 | Swamp:1  | HP: 23/100 [goliath frog (12)]
 41464 | Swamp:1  | Identified the +8 falchion of Ecotobby {venom, rPois rC+}
 41665 | Swamp:2  | HP: 48/102 [eleionoma (12)]
 41669 | Swamp:2  | HP: 19/102 [eleionoma/spray of wooden splinters (33)]
 41882 | Swamp:2  | Reached skill level 10 in Shields
 42388 | Swamp:2  | Noticed Roxanne
 42900 | Swamp:2  | HP: 51/102 [poisoned by a swamp dragon (blast of poison)]
 42905 | Swamp:2  | HP: 33/102 [poisoned by a swamp dragon (blast of poison)]
 42910 | Swamp:2  | HP: 32/102 [poisoned by a swamp dragon (blast of poison)]
 44095 | Swamp:4  | Entered Level 4 of the Swamp
 44095 | Swamp:4  | Noticed Mara
 44105 | Swamp:3  | Learned a level 6 spell: Iron Shot
 44204 | Swamp:4  | Reached XP level 19. HP: 107/107 MP: 30/37
 44316 | Swamp:4  | Reached skill level 8 in Dodging
 44323 | Swamp:4  | Reached skill level 1 in Earth Magic
 44390 | Swamp:4  | HP: 53/107 [swamp dragon] (6)]
 44395 | Swamp:4  | HP: 33/107 [poisoned by a swamp dragon (poison gas)]
 44400 | Swamp:4  | HP: 31/107 [poisoned by a swamp dragon (poison gas)]
 44593 | Swamp:4  | HP: 50/107 [poisoned by a swamp dragon (blast of poison)]
 44708 | Swamp:4  | Reached skill level 2 in Earth Magic
 44991 | Swamp:4  | Got a decaying rune of Zot
 45697 | D:8      | Acquired 587 gold pieces
 45810 | Vaults:1 | Entered Level 1 of the Vaults
 46436 | Vaults:1 | Reached skill level 3 in Earth Magic
 47014 | Vaults:1 | Reached skill level 15 in Fighting
 47020 | Vaults:1 | HP: 53/108 [vault warden/+0 great sword (33)]
 47230 | Vaults:1 | HP: 51/108 [yaktaur/bolt[a vault warden] (8)]
 47539 | Vaults:1 | Reached skill level 11 in Shields
 47591 | Vaults:1 | HP: 44/108 [ironbound frostheart (15)]
 47592 | Vaults:1 | HP: 15/108 [ironbound frostheart (21)]
 47777 | Vaults:1 | Reached skill level 4 in Earth Magic
 47950 | Vaults:1 | Found Anawilu's Assorted Antiques.
 48002 | Vaults:1 | HP: 45/108 [dire elephant (21)]
 48547 | Vaults:1 | Reached skill level 9 in Dodging
 49129 | Vaults:1 | Reached skill level 5 in Earth Magic
 49434 | Vaults:1 | Reached skill level 16 in Conjurations
 49672 | Vaults:2 | HP: 35/108 [vault warden/+0 dire flail (33)]
 49678 | Vaults:2 | HP: 37/108 [vault warden/+0 dire flail (3)]
 49770 | Vaults:2 | HP: 54/108 [very large slime creature (23)]
 50527 | Vaults:2 | Noticed Frederick
 50541 | Vaults:2 | Found Xynohan's Armour Boutique.
 50585 | Vaults:2 | Reached XP level 20. HP: 112/113 MP: 31/38
 51335 | Vaults:2 | HP: 49/113 [white ugly thing[a wizard] (20)]
 51546 | Vaults:2 | Reached skill level 6 in Earth Magic
 53001 | Vaults:2 | Killed Frederick
 53002 | Vaults:2 | Reached skill level 12 in Shields
 53370 | Vaults:3 | HP: 41/113 [yaktaur captain/bolt (42)]
 54036 | Vaults:3 | Noticed Asterion
 54066 | Vaults:3 | Reached skill level 10 in Dodging
 54117 | Vaults:3 | Reached skill level 7 in Earth Magic
 54657 | Vaults:3 | Found a staircase to the Crypt.
 54657 | Vaults:3 | Found an ancient bone altar of Kikubaaqudgha.
 54657 | Vaults:3 | Found a basalt altar of Yredelemnul.
 56089 | Vaults:3 | Reached skill level 17 in Conjurations
 56089 | Vaults:3 | Reached skill level 8 in Earth Magic
 56608 | Vaults:3 | Killed Asterion
 57026 | Vaults:4 | Found a transporter.
 57034 | Vaults:4 | Found a transporter.
 57091 | Vaults:4 | Found a crumbling gateway.
 57163 | Vaults:4 | HP: 52/113 [sphinx/divine providence (10)]
 57325 | Vaults:4 | Reached skill level 13 in Shields
 57373 | Desolati | Entered the Desolation of Salt
 57491 | Desolati | Reached XP level 21. HP: 117/117 MP: 39/39
 57491 | Desolati | CougarLife: bro
 57491 | Desolati | CougarLife: this game loves to fuck people over i swear
 57865 | Desolati | Reached skill level 9 in Earth Magic
 58134 | Desolati | Reached skill level 2 in Summonings
 58135 | Desolati | Identified the +7 sling of Wimubim {freeze, rPois Str+3
                  | Int-3 Dex+6}
 58534 | Desolati | HP: 54/117 [saltling (10)]
 58764 | Desolati | Identified the +0 cloak of Repulsion {*Slow +Blink Will+
                  | Slay+3}
 58767 | Desolati | Got the Codex of Grit and the Dead
 58772 | Desolati | Identified the ring of Wocous {Fly rElec Dex+4 Slay+4
                  | Stlth-}
 59054 | Desolati | Reached skill level 3 in Summonings
 59567 | Desolati | Identified the +7 bardiche of the Trees {vorpal, Str-2
                  | Int+7}
 60791 | Vaults:4 | Reached skill level 4 in Summonings
 60936 | Vaults:4 | Found Paybo's Antique Armour Shop.
 61066 | Vaults:4 | Identified the +1 quarterstaff of Calamity {vorpal, rPois
                  | Will- MP+9 Dex+8}
 61477 | Vaults:4 | Reached skill level 10 in Earth Magic
 61616 | Vaults:4 | Learned a level 7 spell: Spellforged Servitor
 62490 | Vaults:4 | Reached skill level 5 in Summonings
 62581 | Vaults:4 | Reached skill level 18 in Conjurations
 63343 | Elf:1    | Entered Level 1 of the Elven Halls
 63940 | Elf:1    | Reached skill level 14 in Shields
 64194 | Elf:1    | Got the Precepts of Companions
 64208 | Elf:1    | Reached skill level 6 in Summonings
 64991 | Elf:1    | Found a bloodstained altar of Trog.
 65876 | Elf:2    | Reached XP level 22. HP: 122/122 MP: 37/40
 66029 | Elf:2    | Found a runed translucent gate.
 66030 | Elf:2    | Found a runed translucent gate.
 66030 | Elf:2    | Found a runed translucent gate.
 66200 | Elf:2    | Reached skill level 7 in Summonings
 67837 | Elf:2    | Reached skill level 8 in Summonings
 67877 | Elf:3    | Entered Level 3 of the Elven Halls
 67878 | Elf:3    | Paralysed by an air elemental for 1 turns
 68239 | Elf:3    | Paralysed by an air elemental for 1 turns
 68715 | Elf:3    | Found Uxyghipp's General Store.
 68758 | Elf:3    | Reached skill level 19 in Conjurations
 69022 | Elf:3    | Reached skill level 15 in Shields
 69433 | Elf:3    | Identified the +6 spear of a Million Mystics {speed, rC+
                  | rN++ Str-4 Int+4}
 69713 | Elf:3    | Reached skill level 9 in Summonings
 69853 | Elf:3    | Identified the ring "Jaol" {rN+ Str+2}
 70072 | Elf:3    | HP: 56/122 [deep elf high priest/divine providence (7)]
 70077 | Elf:2    | HP: 57/122 [poisoned by a deep elf annihilator (poison
                  | arrow)]
 70590 | Elf:3    | Identified the +7 chain mail "Pike" {rElec rPois Int+2
                  | Dex-2}
 70600 | Elf:3    | HP: 45/122 [deep elf master archer/arrow (25)]
 70600 | Elf:3    | HP: 21/122 [deep elf master archer/arrow (24)]
 70917 | Elf:3    | Identified the +5 chain mail of Fanuen {rElec rC- Int+4
                  | Dex+2}
 71698 | Elf:3    | Reached skill level 10 in Summonings
 71875 | Elf:3    | Got Seqoalau's Precepts of the Rocks and Traumaturgy
 71920 | Elf:3    | Got Oribuek's Discourse on Virous Accomplices
 71946 | Elf:3    | Got Qiuhen's Anthology of Confrontation and Terra Firma
 72708 | Crypt:1  | Entered Level 1 of the Crypt
 72976 | Crypt:1  | Found a magical portal.
 72983 | Crypt:1  | Noticed Saint Roka
 73024 | Crypt:1  | Reached skill level 1 in Armour
 73058 | WizLab   | Entered Borgnjor's Mausoleum
 73586 | WizLab   | Reached skill level 2 in Armour
 73786 | WizLab   | Reached XP level 23. HP: 92/126 MP: 10/41
 74072 | WizLab   | Reached skill level 3 in Armour
 74262 | WizLab   | Reached skill level 20 in Conjurations
 74545 | Crypt:1  | Learned a level 8 spell: Lehudib's Crystal Spear
 74582 | Crypt:1  | Reached skill level 11 in Earth Magic
 74695 | Crypt:1  | Killed Saint Roka
 75640 | Crypt:2  | Found a basalt altar of Yredelemnul.
 75673 | Crypt:2  | Reached skill level 4 in Armour
 75893 | Crypt:1  | Learned a level 4 spell: Passage of Golubria
 76385 | Crypt:2  | Reached skill level 2 in Translocations
 76889 | Crypt:3  | Entered Level 3 of the Crypt
 77078 | Crypt:3  | Reached skill level 3 in Translocations
 77976 | Crypt:3  | Reached skill level 4 in Translocations
 78130 | Crypt:3  | Reached skill level 12 in Earth Magic
 78157 | Crypt:3  | Reached skill level 11 in Summonings
 78688 | Crypt:3  | Reached skill level 5 in Translocations
 78999 | Crypt:3  | Found a staircase to the Tomb.
 79544 | Crypt:3  | Got the Essays on Flinty Elsewhere
 79713 | Crypt:3  | Noticed a dread lich
 79716 | Crypt:3  | Killed a dread lich
 79783 | Crypt:3  | Found the +6 Majin-Bo {vamp, MP+6 Int+6}
 79787 | Crypt:3  | Identified the +2 triple sword of the Hall of Blades
                  | {spect, Int+3}
 79791 | Crypt:3  | Acquired 1199 gold pieces
 79795 | Crypt:3  | Identified the +1 chain mail of Qufipt {rF+ Dex+3}
 79810 | Crypt:3  | Identified the ring "Yneiskeu" {rN+ Str+6}
 79810 | Crypt:3  | Identified the ring "Eneena Fawn" {rF+ rN+ Str+3 Dex+4}
 79810 | Crypt:3  | Identified the ring "Homperus" {rC+ rN+ Str+3 Int+3 Stlth+}
 80147 | Depths:1 | Entered Level 1 of the Depths
 80236 | Depths:1 | Reached skill level 6 in Translocations
 80433 | Depths:1 | Found a gateway to Hell.
 80613 | Depths:1 | Reached XP level 24. HP: 131/131 MP: 41/41
 80615 | Depths:1 | Found Yskirch's Assorted Antiques.
 80620 | Depths:1 | Bought a potion of haste for 340 gold pieces
 80620 | Depths:1 | Bought a scroll of fear for 136 gold pieces
 80703 | Depths:1 | Noticed Bai Suzhen
 80810 | Depths:1 | Killed Bai Suzhen
 80814 | Depths:1 | Reached skill level 5 in Armour
 81410 | Depths:1 | Reached skill level 12 in Summonings
 81653 | Depths:1 | Reached skill level 13 in Earth Magic
 81932 | Depths:1 | HP: 65/131 [vampire knight/+2 long sword (15)]
 82101 | Depths:2 | Reached skill level 6 in Armour
 82101 | Depths:2 | Reached skill level 7 in Translocations
 83203 | Depths:2 | Found a one-way gate to the infinite horrors of the Abyss.
 83217 | Depths:2 | Found a stormy altar of Qazlal.
 83468 | Depths:2 | Reached skill level 7 in Armour
 83639 | Depths:2 | Found a one-way gate leading to the halls of Pandemonium.
 84210 | Depths:2 | Reached skill level 8 in Translocations
 84448 | Depths:3 | Found a flickering gateway to a bazaar.
 84479 | Bazaar   | Entered a bazaar
 84499 | Bazaar   | Found Mesisk's Antique Armour Emporium.
 84499 | Bazaar   | Found Suwinnid's General Store.
 84510 | Bazaar   | Bought a scroll of teleportation for 39 gold pieces
 84521 | Bazaar   | Found Esyte's Assorted Antiques.
 84521 | Bazaar   | Found Qiuw's Antique Weapon Shoppe.
 84526 | Bazaar   | Bought a potion of mutation for 136 gold pieces
 84526 | Bazaar   | Bought a scroll of enchant weapon for 127 gold pieces
 84532 | Bazaar   | Bought a smouldering short sword for 248 gold pieces
 84532 | Bazaar   | Identified the +10 short sword "Anush" {freeze, rN++ Str-3
                  | Int+4} (You bought it in a shop in a bazaar)
 84543 | Bazaar   | Found Zaonupoo's Weapon Shoppe.
 84559 | Bazaar   | Found Koylepeda's Antique Armour Emporium.
 84559 | Bazaar   | Found Pasonore's Magic Scroll Shoppe.
 84564 | Bazaar   | Bought a jewelled ring mail for 180 gold pieces
 84564 | Bazaar   | Identified the +5 ring mail of Naalulup {rF++} (You bought
                  | it in a shop in a bazaar)
 84564 | Bazaar   | Bought a bloodstained ring mail for 180 gold pieces
 84564 | Bazaar   | Identified the +1 ring mail of Tosoa {rN++} (You bought it
                  | in a shop in a bazaar)
 84580 | Bazaar   | Bought a scroll of blinking for 60 gold pieces
 84580 | Bazaar   | Bought a scroll of blinking for 60 gold pieces
 84580 | Bazaar   | Bought a scroll of enchant armour for 60 gold pieces
 84580 | Bazaar   | Bought a scroll of magic mapping for 60 gold pieces
 84673 | Bazaar   | Bought a scroll of fear for 52 gold pieces
 84679 | Bazaar   | Bought an ancient leather armour for 126 gold pieces
 84679 | Bazaar   | Identified the +2 leather armour "Acaevir" {Str-2 Slay+3
                  | Stlth+} (You bought it in a shop in a bazaar)
 84679 | Bazaar   | Bought an encrusted chain mail for 171 gold pieces
 84679 | Bazaar   | Identified the +1 chain mail of Calculation {Will+ Int+2
                  | Dex-3} (You bought it in a shop in a bazaar)
 84806 | Depths:3 | Reached skill level 14 in Spellcasting
 84977 | Depths:3 | Reached skill level 8 in Armour
 85202 | Depths:3 | Found a hide-covered altar of Uskayaw.
 86014 | Depths:4 | Entered Level 4 of the Depths
 86042 | Depths:4 | Reached skill level 14 in Earth Magic
 86159 | Depths:4 | Found Siezxy's Distillery.
 86165 | Depths:4 | Bought a potion of invisibility for 112 gold pieces
 86165 | Depths:4 | Bought 2 potions of might for 112 gold pieces
 86319 | Depths:4 | Noticed a juggernaut
 86331 | Depths:4 | Killed a juggernaut
 86584 | Depths:4 | Reached skill level 9 in Armour
 86584 | Depths:4 | Reached XP level 25. HP: 131/135 MP: 11/42
 86675 | Depths:4 | HP: 63/135 [something (5)]
 86680 | Depths:3 | HP: 46/135 [poison (poison gas)]
 86934 | Depths:4 | Found a gate to the Realm of Zot.
 87043 | Depths:4 | Found a one-way gateway to a ziggurat.
 87306 | Depths:4 | Found Toz Roff's Armour Boutique.
 87333 | Depths:4 | Reached skill level 9 in Short Blades
 87406 | Depths:4 | Bought a +2 pair of gloves for 181 gold pieces
 87565 | Depths:4 | Found a shimmering blue altar of Sif Muna.
 87935 | Snake:1  | Bought a potion of magic for 104 gold pieces
 87935 | Snake:1  | Bought a potion of cancellation for 104 gold pieces
 88143 | Orc:2    | Bought a potion of resistance for 130 gold pieces
 88143 | Orc:2    | Bought a potion of haste for 130 gold pieces
 88178 | Orc:2    | Bought a potion of resistance for 150 gold pieces
 88395 | Vaults:1 | Bought a scroll of enchant armour for 300 gold pieces
 88619 | Vaults:5 | Entered Level 5 of the Vaults
 88628 | Vaults:5 | Reached skill level 10 in Armour
 88643 | Vaults:5 | Noticed a dread lich
 88646 | Vaults:5 | Reached skill level 15 in Spellcasting
 88652 | Vaults:5 | HP: 56/135 [deep elf high priest/divine providence (12)]
 88653 | Vaults:5 | HP: 26/135 [???[a deep elf demonologist] (8)]
 88918 | Vaults:5 | Killed a dread lich
 88925 | Vaults:5 | Reached skill level 21 in Conjurations
 88932 | Vaults:5 | HP: 55/135 [ettin/+0 dire flail (16)]
 88938 | Vaults:5 | HP: 30/135 [tengu reaver/bolt of lightning (8)]
 88942 | Vaults:4 | Reached skill level 11 in Armour
 89225 | Vaults:5 | Reached skill level 15 in Earth Magic
 89246 | Vaults:5 | HP: 60/135 [vault warden/+2 bardiche of venom (15)]
 89251 | Vaults:4 | HP: 54/135 [poisoned by a vault warden]
 89256 | Vaults:4 | HP: 55/135 [poisoned by a vault warden]
 89484 | Vaults:5 | Identified the +1 leather armour of Disguise {Int+3 SInv}
 89648 | Vaults:5 | Found Somupn's Jewellery Boutique.
 89886 | Vaults:5 | Noticed an ancient lich
 89909 | Vaults:5 | Killed an ancient lich
 90026 | Vaults:5 | Identified the +1 scale mail "Ubofevvu" {+Inv Int+4}
 90302 | Vaults:5 | Identified the ring "Fiuram" {Ice Int+3}
 90420 | Vaults:5 | Reached skill level 12 in Armour
 90420 | Vaults:5 | Reached XP level 26. HP: 140/140 MP: 43/43
 90433 | Vaults:5 | Identified the ring "Vaci" {rPois rC- rCorr MP+9 Str+4
                  | Dex+3}
 90488 | Vaults:5 | Got a silver rune of Zot
 90498 | Vaults:5 | Learned a level 6 spell: Dispersal
 90925 | Vaults:5 | Identified the +8 arbalest of Hooroe {flame, rCorr Str+2
                  | Dex+4}
 90998 | Vaults:4 | Learned a level 5 spell: Summon Mana Viper
 91281 | Zot:1    | Entered Level 1 of the Realm of Zot
 91371 | Zot:1    | HP: 56/140 [red draconian scorcher/damnation[a red
                  | draconian scorcher] (22)]
 91376 | Zot:1    | HP: 41/140 [poisoned by a green draconian (poison gas)]
 91381 | Depths:4 | HP: 40/140 [poisoned by a green draconian (poison gas)]
 91826 | Zot:1    | HP: 69/140 [poison (poison gas)]
 91831 | Depths:4 | HP: 58/140 [poison (poison gas)]
 92165 | Zot:1    | Reached skill level 16 in Spellcasting
 92342 | Zot:1    | HP: 69/140 [purple draconian shifter/bolt of dispelling
                  | energy (28)]
 92347 | Zot:1    | HP: 65/140 [black draconian/bolt of lightning (10)]
 92353 | Zot:1    | HP: 65/140 [black draconian/bolt of lightning (6)]
 93157 | Zot:1    | Found a transporter.
 93261 | Zot:2    | Found the +4 dragonskin cloak
 93261 | Zot:2    | Noticed Tiamat
 93877 | Zot:2    | HP: 33/140 [Tiamat/+2 vampiric bardiche (44)]
 94051 | Zot:2    | Reached skill level 16 in Earth Magic
 94056 | Zot:2    | HP: 64/140 [??? (29)]
 94403 | Zot:2    | HP: 63/140 [white draconian stormcaller/divine
                  | providence[Tiamat] (13)]
 94574 | Zot:2    | Killed Tiamat
 94836 | Zot:2    | Noticed Vv
 94856 | Zot:2    | Reached skill level 10 in Short Blades
 94857 | Zot:2    | Killed Vv
 95252 | Zot:2    | Noticed an orb of fire
 95397 | Zot:2    | Killed an orb of fire
 95398 | Zot:2    | Reached skill level 13 in Summonings
 95759 | Zot:3    | Noticed an orb of fire
 95789 | Zot:3    | Killed an orb of fire
 95943 | Zot:3    | Reached skill level 22 in Conjurations
 97276 | Zot:4    | Identified the +5 glaive "Lubahux" {vorpal, rF+ MP+9}
 97702 | Zot:4    | Noticed a Killer Klown
 97711 | Zot:4    | Killed a Killer Klown
 97712 | Zot:4    | Reached XP level 27. HP: 144/144 MP: 34/44
 97757 | Zot:4    | Reached skill level 11 in Short Blades
 98013 | Zot:4    | Reached skill level 17 in Earth Magic
 98040 | Zot:4    | Reached skill level 14 in Summonings
 98257 | Zot:4    | Identified the +1 trident "Loifug" {holy, *Noise rF+ Str+2
                  | Dex+2}
 98914 | Zot:4    | Found a shimmering altar of Xom.
 98937 | Zot:4    | Found a shimmering altar of Xom.
 98951 | Zot:4    | Found a glowing silver altar of Zin.
 99019 | Zot:5    | Entered Level 5 of the Realm of Zot
 99057 | Zot:5    | Found a transporter.
 99057 | Zot:5    | Found a transporter.
100313 | Zot:5    | Reached skill level 12 in Short Blades
100403 | Zot:5    | Noticed an ancient lich
100449 | Zot:5    | Killed an ancient lich
100668 | Zot:5    | Noticed an orb of fire
100671 | Zot:5    | Noticed an orb of fire
100683 | Zot:5    | Killed an orb of fire
100684 | Zot:5    | Gained mutation: You are weak. (Str -2) [an orb of fire]
100688 | Zot:5    | Gained mutation: Your body sometimes deteriorates upon
                  | taking damage. [an orb of fire]
100691 | Zot:5    | Killed an orb of fire
100692 | Zot:5    | Reached skill level 23 in Conjurations
100692 | Zot:5    | Reached skill level 15 in Summonings
100692 | Zot:5    | Reached skill level 9 in Translocations
100700 | Zot:5    | Reached skill level 18 in Earth Magic
100793 | Zot:5    | Reached skill level 10 in Translocations
100811 | Zot:5    | Noticed an orb of fire
100815 | Zot:5    | Gained mutation: You are dopey. (Int -2) [an orb of fire]
100819 | Zot:5    | Gained mutation: You are very weak. (Str -4) [an orb of
                  | fire]
100823 | Zot:5    | Killed an orb of fire
100830 | Zot:5    | HP: 71/144 [Killer Klown/+8 club of electrocution (14)]
100838 | Zot:5    | Reached skill level 11 in Translocations
100897 | Zot:5    | Noticed an orb of fire
100902 | Zot:5    | HP: 69/144 [orb of fire/bolt of fire (7)]
101056 | Zot:5    | Gained mutation: Your spells are a little easier to cast,
                  | but a little less powerful. [an orb of fire]
101060 | Zot:5    | Gained mutation: You are frail. (-10% HP) [an orb of fire]
101072 | Zot:5    | Killed an orb of fire
101202 | Zot:5    | Lost mutation: Your body sometimes deteriorates upon taking
                  | damage. [potion of mutation]
101202 | Zot:5    | Lost mutation: You are very weak. (Str -4) [potion of
                  | mutation]
101202 | Zot:5    | Gained mutation: You are clumsy. (Dex -2) [potion of
                  | mutation]
101202 | Zot:5    | Gained mutation: You expend magic power (3 MP) to
                  | strengthen your wands. [potion of mutation]
101203 | Zot:5    | Lost mutation: You are clumsy. (Dex -2) [potion of
                  | mutation]
101203 | Zot:5    | Lost mutation: Your spells are a little easier to cast, but
                  | a little less powerful. [potion of mutation]
101203 | Zot:5    | Lost mutation: You are dopey. (Int -2) [potion of mutation]
101203 | Zot:5    | Gained mutation: Your mind is acute. (Int +4, Str/Dex -1)
                  | [potion of mutation]
101203 | Zot:5    | Lost mutation: Your mind is acute. (Int +4, Str/Dex -1)
                  | [potion of mutation]
101204 | Zot:5    | Lost mutation: You are frail. (-10% HP) [potion of
                  | mutation]
101204 | Zot:5    | Lost mutation: You are weak. (Str -2) [potion of mutation]
101204 | Zot:5    | Gained mutation: You are robust. (+10% HP) [potion of
                  | mutation]
101204 | Zot:5    | Gained mutation: Your magical capacity is low. (-10% MP)
                  | [potion of mutation]
101204 | Zot:5    | Gained mutation: Your spells are a little harder to cast,
                  | but a little more powerful. [potion of mutation]
101262 | Zot:5    | Got the Orb of Zot
101402 | Zot:1    | Gained mutation: You occasionally shout uncontrollably at
                  | your foes. [a cacodemon]
101431 | Depths:3 | Noticed Fiuhitto the pandemonium lord
101440 | Depths:3 | Killed Fiuhitto the pandemonium lord
101441 | Depths:3 | Reached skill level 12 in Translocations
101614 | D:12     | Noticed Wouruj the pandemonium lord
101634 | D:12     | Killed Wouruj the pandemonium lord
101854 | D:5      | Noticed Fimiceg the pandemonium lord
101859 | D:5      | Killed Fimiceg the pandemonium lord
101975 | D:$      | Escaped with the Orb!

Illustrated notes

Levels and vault maps discovered:
D:1:      spicycebolla_arrival_xxxplode, layout_basic,
          shapermc_ecumenical_altar_gd, hangedman_decor_growths,
          minmay_distorted
D:2:      layout_basic
D:3:      layout_loops_ring, serial_shops, nicolae_shop_advertising_works
          [nicolae_subvault_shop_adworks]
D:4:      layout_basic, temple_fountains
D:5:      layout_loops_ring, lemuel_doored_altar, kennysheep_little_box,
          nicolae_ru_path_of_blood, uniq_prince_ribbit1
D:6:      layout_cave_pods, mainiacjoe_overflow_alcove_1, fedhas_altar_1,
          hex_tiny, uniq_menkaure
D:7:      layout_basic
D:8:      hangedman_cross_stitches, layout_basic, lair_entry_dummy,
          serial_glass, glass_columns_b, glass_columns_a, glass_columns_b,
          glass_columns_a, glass_columns_a, nicolae_shop_gadgets, uniq_erica
D:9:      layout_stronghold, nicolae_hepliaklqana_hippocampus
D:10:     cheibrodos_two_vegetables, layout_long_grid, lemuel_tele_altar,
          nemelex_xobeh_ov_fountains_minmay, david_orc_3, dk_rats_in_the_wall,
          uniq_grum
D:11:     layout_gridville, uniq_josephine
D:12:     layout_roguey, dreamdust_deal_with_the_devil, zin_angel, uniq_fannar,
          uniq_snorg, uniq_kirke, uniq_sonja
D:13:     layout_loops_ring, uniq_rupert
D:14:     layout_loops_ring, erik_vaults_2, serial_demonic, serial_demonic_f,
          serial_demonic_c, serial_demonic_e, serial_demonic_e,
          serial_demonic_b, serial_demonic_e, serial_demonic_f,
          serial_demonic_e, serial_demonic_b, serial_demonic_f,
          good_gods_temple_1
D:15:     gammafunk_enter_depths_forms, layout_gridville, minivault_11,
          elves_outpost_lemuel, uniq_azrael, uniq_louise
Temple:   nicolae_temple_ecumenical_triangle
Lair:1:   layout_big_grid, gauntlet_entry_generic, serial_bayou_shore_a
Lair:2:   layout_long_grid, nicolae_swamp_entry_splash_gauntlet,
          serial_bayou_shore_b, infiniplex_staircase_pool, grunt_megastairs_2,
          uniq_amaemon, uniq_gastronok
Lair:3:   minmay_lair_venomous_thicket, layout_regular_city,
          guppyfry_snake_entry_garden
Lair:4:   layout_hall_layers, slime_entry_1, grunt_megastairs_4
Lair:5:   hangedman_lair_in_review, layout_concentric_octagons, wormcave
Swamp:1:  layout_falls_marsh, nicolae_swamp_fairy_circle, swamp_pool5,
          uniq_jorgrun
Swamp:2:  nicolae_swamp_decorative_isthmus, layout_falls_marsh,
          evilmike_swamp_ruin_house_4, swamp_pool2, uniq_roxanne
Swamp:3:  layout_basic_swamp, evilmike_swamp_ruin_wall
Swamp:4:  swamp_fiery, layout_basic_swamp, uniq_mara
Snake:1:  nicolae_snake_nest, layout_onion, serial_shops, shop,
          hellmonk_guarded_unrand_salamander
Snake:2:  layout_cave_town, uniq_aizul
Snake:3:  layout_onion_interference, beargit_elvish_explorers, uniq_mlioglotl
Snake:4:  johnstein_snake_rune_scales, layout_cave_shapes, basic_altar,
          nicolae_snake_gridmaze_zigzag, minmay_shop_star
Orc:1:    layout_caves
Orc:2:    st_orc_open, layout_caves, serial_shops, shop, uniq_donald, uniq_urug
Elf:1:    elf_arrival_002, layout_gridlike, minmay_elf_demonology,
          evilmike_spriggan_trog_shrine, roderic_lattice_octagonal_star
Elf:2:    nicolae_elf_blades_crystal_corner, layout_gridlike
Elf:3:    minmay_elf_hall_not_hex, layout_geoelf_octagon, serial_shops,
          nicolae_shop_waterfront, drop_trap
Vaults:1: nicolae_vaults_lopsided_apartments, nicolae_vaults_what_the_h,
          v_rooms_3, hangedman_vaults_river_flow, grunt_vaults_hallway_long,
          v_misc_32, nicolae_vaults_big_angled_halls, vaults_room_grid,
          vaults_mumra_hex, nicolae_vaults_bisected_slash,
          nicolae_vaults_network_quincunx
          [nicolae_vaults_network_quincunx_subvault,
          nicolae_vaults_network_quincunx_subvault,
          nicolae_vaults_network_quincunx_subvault,
          nicolae_vaults_network_quincunx_subvault,
          nicolae_vaults_network_quincunx_subvault], v_misc_14, v_misc_14,
          vaults_dpeg_encased_lava, nicolae_vaults_asterisk,
          nicolae_vaults_little_squares_2, layout_vaults_maze, serial_shops,
          nicolae_shop_trees
Vaults:2: nicolae_vaults_three_branches, vaults_dpeg_diagonal,
          hangedman_vaults_stretched_pinwheel, hangedman_vaults_nails,
          vaults_standard_mumra_enter_the_diamond, v_misc_17,
          nicolae_vaults_big_angled_halls, v_misc_1,
          nicolae_vaults_yaktaur_gun_rack, ontoclasm_vaults_chip,
          layout_vaults_quadrants, serial_shops, shop, uniq_frederick
Vaults:3: minmay_crypt_entry_necro_gods, v_rooms_6, hangedman_vaults_slice,
          nicolae_vaults_c_with_doors, ontoclasm_vaults_pinch,
          vaults_mumra_minichess_inversion, v_pattern_1, v_alt_pattern_1,
          nicolae_vaults_specimen_jars, ontoclasm_vaults_loading_screen,
          v_misc_29, vaults_room_door_ring, nicolae_vaults_mini_display_case,
          vaults_room_stairs_pillars, layout_vaults_omnicross, uniq_asterion
Vaults:4: portal_desolation_entry_twin_temple, ontoclasm_vaults_bender,
          gammafunk_sealed_arena, v_misc_27, nicolae_vaults_inception_scallops,
          nicolae_vaults_big_angled_halls, ontoclasm_vaults_shuriken,
          ontoclasm_vaults_fault, hangedman_vaults_hat,
          nicolae_vaults_ninety_degrees, vaults_room_semicircle,
          grunt_vaults_hallway_long, layout_vaults_omnibox, serial_shops,
          shop_statue
Vaults:5: serial_shops
Crypt:1:  layout_chaotic_city, infiniplex_enter_wizlab_glasses, uniq_saint_roka
Crypt:2:  layout_catacombs, basic_altar, corexii_hall_statues_i
Crypt:3:  due_elkab, layout_chaotic_city
Depths:1: layout_gridville, hell_entry, serial_shops, shop, minmay_holes,
          kennysheep_minor_cross, minmay_misc_feat_nine_boxes,
          dpeg_stationary_puzzle, uniq_bai_suzhen
Depths:2: minmay_blocking_statues, layout_gridville, abyss_entry,
          rand_demon_pan_entry_8, hangedman_tar_grid_catacomb,
          nicolae_qazlal_general_emergency
Depths:3: nicolae_BIG_FREAKIN_CUBE, layout_honeycomb,
          grunt_hell_entry_dis_grunt, abyss_entry, grunt_decor_fettered,
          serial_shops, bzr_entry_customers, nicolae_uskayaw_dance_hall
Depths:4: grunt_crosshair, layout_basic, enter_ziggurat_d, serial_shops, shop,
          nicolae_shop_temple_entry_statues_fountains, lemuel_blue_sif_altar,
          hell_entry, serial_bayou_shore_b
Zot:1:    layout_misc_corridors, nicolae_diode_basic
Zot:2:    layout_basic, uniq_vv, uniq_tiamat
Zot:3:    layout_onion
Zot:4:    dreamdust_zin_vs_xom, layout_gridlike, st_grand_hoard_of_tiamat
Zot:5:    layout_gridlike, nicolae_diode_stairs

Skill      XL: |  1  2  3  4  5  6  7  8  9 10 11 12 13 14 15 16 17 18 19 20 21 22 23 24 25 26 27 |
---------------+----------------------------------------------------------------------------------+-----
Short Blades   | 1 2 3 4 5 6 8 9 10 12 | 12.0
Stealth        | 3 5 6 7 9 11 12 14 | 14.6
Shields        | 1 2 4 5 6 8 10 11 13 14 15 | 15.0
Conjurations   | 3 5 7 8 9 10 12 13 14 15 16 17 18 19 20 21 22 23 | 23.0
Invocations    | 4 6 7 9 10 11 12 13 | 13.0
Fighting       | 3 5 7 9 10 11 12 13 14 15 | 15.0
Spellcasting   | 4 6 8 10 11 12 13 14 15 16 | 16.0
Dodging        | 2 5 7 9 10 | 10.0
Earth Magic    | 5 8 10 12 14 15 16 18 | 18.0
Summonings     | 6 10 11 12 13 15 | 15.0
Armour         | 2 4 9 12 | 12.1
Translocations | 6 8 12 | 12.7

Action                   |  1- 3 |  4- 6 |  7- 9 | 10-12 | 13-15 | 16-18 | 19-21 | 22-24 | 25-27 || total
-------------------------+-------+-------+-------+-------+-------+-------+-------+-------+-------++-------
Melee: Dagger            |   102 |       |       |       |       |       |       |       |       ||   102
       Bite              |    16 |    37 |    49 |    57 |   100 |    80 |   155 |   433 |   484 ||  1411
       Whip              |     5 |   139 |    79 |       |       |       |       |       |       ||   223
       Short sword       |       |       |    75 |   140 |   230 |   131 |   126 |   101 |   751 ||  1554
       Punch             |       |       |       |     4 |     5 |       |       |       |       ||     9
       Staff             |       |       |       |       |       |    23 |    15 |    10 |       ||    48
       Falchion          |       |       |       |       |       |     5 |   143 |       |    74 ||   222
       Spear             |       |       |       |       |       |       |       |    42 |       ||    42
       Quick blade       |       |       |       |       |       |       |       |   579 |    29 ||   608
 Fire: Arbalest          |       |       |    36 |   152 |    90 |       |       |       |       ||   278
 Cast: Magic Dart        |    25 |    15 |    51 |       |   358 |   655 |   550 |   542 |     4 ||  2200
       Mephitic Cloud    |       |       |       |    34 |    91 |    37 |    89 |    23 |    38 ||   312
       Stone Arrow       |       |       |       |     7 |   215 |   393 |   280 |     2 |       ||   897
       Blink             |       |       |       |     1 |     6 |     2 |     6 |     3 |     5 ||    23
       Iskenderun's Batt |       |       |       |       |    83 |   168 |   174 |   112 |     7 ||   544
       Iskenderun's Myst |       |       |       |       |       |     5 |     3 |       |    30 ||    38
       Fireball          |       |       |       |       |       |    36 |    98 |    34 |       ||   168
       Iron Shot         |       |       |       |       |       |       |   157 |   197 |    98 ||   452
       Spellforged Servi |       |       |       |       |       |       |       |   104 |   101 ||   205
       Passage of Golubr |       |       |       |       |       |       |       |     5 |    10 ||    15
       Summon Mana Viper |       |       |       |       |       |       |       |       |    22 ||    22
       Lehudib's Crystal |       |       |       |       |       |       |       |       |    36 ||    36
Invok: Stomp             |       |     1 |     4 |     3 |     3 |       |       |       |     1 ||    12
       Line Pass         |       |       |     2 |     1 |       |       |       |       |     6 ||     9
       Grand Finale      |       |       |       |     2 |     2 |     3 |     1 |     1 |       ||     9
Evoke: Wand              |       |       |     6 |     1 |     1 |     1 |     1 |       |     1 ||    11
       Phantom mirror    |       |       |       |       |       |       |       |     1 |     2 ||     3
       Phial of floods   |       |       |       |       |       |       |       |       |     1 ||     1
       Condenser vane    |       |       |       |       |       |       |       |       |     1 ||     1
  Use: Potion            |       |       |     1 |       |       |     2 |     2 |     1 |    14 ||    20
       Scroll            |       |       |    13 |     3 |    19 |     4 |    13 |    18 |    16 ||    86
 Stab: Sleeping          |     8 |     2 |     1 |     6 |     2 |     6 |    10 |    31 |    19 ||    85
       Paralysed         |       |       |     5 |    14 |    27 |    14 |    53 |    37 |    61 ||   211
       Confused          |       |       |       |    12 |    27 |    17 |    27 |     5 |    14 ||   102
       Distracted        |       |       |       |       |       |       |     1 |    14 |    15 ||    30
Armor: Robe              |    15 |    15 |    11 |    14 |    61 |    31 |    49 |     6 |       ||   202
       Leather armour    |       |       |       |       |       |    32 |    13 |    70 |       ||   115
       Ring mail         |       |       |       |       |       |       |       |    22 |   251 ||   273
Dodge: Dodged            |    48 |    50 |    70 |    61 |   148 |    93 |   201 |   265 |   357 ||  1293
Block: Buckler           |    16 |    60 |    51 |       |     1 |       |       |       |       ||   128
       Reflection        |     1 |       |     1 |       |       |       |       |    11 |    19 ||    32
       Other             |       |       |     8 |    12 |       |       |       |       |       ||    20
       Kite shield       |       |       |       |       |    57 |   183 |   300 |   356 |   632 ||  1528
